 Dungeon Crawl Stone Soup version 0.30.1-9-gdf580d7c3d (webtiles) character file.

Game seed: 7507763683107312309

12554497 wingedge the Invulnerable (level 27, 231/273 HPs)
             Began as a Demigod Earth Elementalist on Oct 2, 2023.
             Escaped with the Orb
             ... and 15 runes on Oct 6, 2023!
             The game lasted 11:19:30 (130948 turns).

wingedge the Invulnerable (DgEE)                  Turns: 130948, Time: 11:19:31

Health: 231/273    AC: 63    Str: 28    XL:     27
Magic:  50/58      EV: 21    Int: 56    God:
Gold:   11965      SH: 24    Dex: 20    Spells: 6/74 levels left

rFire   + + +        r - +3 Elemental Staff {rElec rF+ rC+ AC+3}
rCold   + + +        V - +5 Storm Queen's Shield {shock, Fly rElec}
rNeg    + + +        A - +8 orange crystal plate armour {Archmagi, Int+3 Clar}
rPois   ∞            j - +2 helmet {Int+3}
rElec   +            g - +1 cloak "Pooxteurorph" {rC+ Str+8 Int-2 Dex+3}
rCorr   .            I - +0 pair of gloves of Grace {Regen+}
SInv    +            o - +3 pair of seven-league boots {Rampage+∞}
Will    +++++        S - amulet of Xebbe {RegenMP Will+ Slay+3 SInv} Stlth
                     W - ring "Dacahi Wuabo" {rF+ Str+3 Int+4 Dex+3}
HPRegen 1.45/turn    z - ring of Fiomn {Wiz Int+3}
MPRegen 0.76/turn

%: clarity, rampage+∞, wizardry (x1), archmagi
@: lich-form, flying, studying 7 skills
A: draining attack, torment immunity, no potions, high MP 1, forlorn, divine
attributes, talons 1, clarity, fire resistance 1, strong-willed 1
0: Orb of Zot
}: 15/15 runes: decaying, serpentine, slimy, silver, golden, iron, obsidian,
icy, bone, abyssal, demonic, glowing, magical, fiery, dark
a: End Transformation


You escaped.
You were an undead lich.
You visited 17 branches of the dungeon, and saw 87 of its levels.
You visited Pandemonium 3 times, and saw 13 of its levels.
You visited the Abyss 2 times.
You visited 1 bazaar.
You completed 2 ziggurats, and saw 54 of their levels.
You also visited: Ossuary, Gauntlet, Ice Cave and Wizlab.

You collected 20962 gold pieces.
You spent 8997 gold pieces at shops.

Inventory:

Hand Weapons
 a - the +6 Majin-Bo {spellvamp, MP+6 Int+6}
   (You took it off a deep elf demonologist on level 3 of the Elven Halls)

   Int:       It affects your intelligence (+6).
   MP:        It affects your magic capacity (+6).
 b - the +12 double sword "Qigifew" {flame, rC+}
   (You acquired it on level 1 of the Realm of Zot)

   rC:        It protects you from cold.
 h - the +10 zealot's sword {holy, Zealotry, *Rage rN+ EV+3}
   (You found it on level 21 of a ziggurat)

   Zealotry:  Whenever the wielder enters a berserk rage, their allies are
   berserked alongside them.
   EV:        It affects your evasion (+3).
   rN:        It protects you from negative energy.
   *Rage:     It berserks you when you make melee attacks (+20% chance).
 r - the +3 Elemental Staff (weapon) {rElec rF+ rC+ AC+3}
   (You found it on level 12 of a ziggurat)

   It enhances your fire, ice, earth and air magic.
   AC:        It affects your AC (+3).
   rF:        It protects you from fire.
   rC:        It protects you from cold.
   rElec:     It insulates you from electricity.
 v - a +9 vampiric double sword
 E - the +9 sword of Zonguldrok {reap}
   (You found it on level 22 of a ziggurat)
 P - the +9 sword of Power {lifebolt}
   (You found it on level 24 of a ziggurat)
 R - a +9 demon blade of freezing
 X - the +7 demon blade "Wozudas" {pain, *Rage Dex+9 SInv}
   (You found it on level 25 of a ziggurat)

   Dex:       It affects your dexterity (+9).
   SInv:      It lets you see invisible.
   *Rage:     It berserks you when you make melee attacks (+20% chance).
Missiles
 U - a throwing net (quivered)
Armour
 g - the +1 cloak "Pooxteurorph" (worn) {rC+ Str+8 Int-2 Dex+3}
   (You acquired it on level 1 of the Depths)

   Str:       It affects your strength (+8).
   Int:       It affects your intelligence (-2).
   Dex:       It affects your dexterity (+3).
   rC:        It protects you from cold.
 j - a +2 helmet of intelligence (worn)
 n - the +8 pearl dragon scales "Ulujot" {rN+ Regen+}
   (You acquired it on level 1 of the Crypt)

   rN:        It protects you from negative energy.
   Regen:     It increases your rate of health regeneration.
 o - the +3 pair of seven-league boots (worn) {Rampage+∞}
   (You found it on level 15 of a ziggurat)

   Rampage+∞: When moving toward enemies, its wearer moves as far as possible,
   alerting their target en route.
 A - the +8 orange crystal plate armour (worn) {Archmagi, Int+3 Clar}
   (You acquired it on level 13 of a ziggurat)

   Int:       It affects your intelligence (+3).
   Clar:      It protects you from confusion, rage, mesmerisation and fear.
 I - the +0 pair of gloves of Grace (worn) {Regen+}
   (You bought it in a shop on level 5 of the Vaults)

   Regen:     It increases your rate of health regeneration.
 J - a +2 pair of gloves of strength
 M - a +8 tower shield of reflection
 O - the +1 cloak of Youthful Indiscretion {*Corrode rC+ rN++ Regen+}
   (You found it on level 18 of a ziggurat)

   rC:        It protects you from cold.
   rN:        It greatly protects you from negative energy.
   Regen:     It increases your rate of health regeneration.
   *Corrode:  It may corrode you when you take damage.
 Q - a +2 helmet of see invisible
 V - the +5 Storm Queen's Shield (worn) {shock, Fly rElec}
   (You found it on level 16 of a ziggurat)

   Shock:     When it blocks an attack, it may electrocute the attacker.
   This works even against foes who are a short distance away.
   rElec:     It insulates you from electricity.
   Fly:       It grants you flight.
Jewellery
 d - the amulet of Bacaar {RegenMP Dex+4}
   (You found it on level 3 of the Tomb of the Ancients)

   [amulet of magic regeneration]

   It increases your rate of magic regeneration.
   Dex:       It affects your dexterity (+4).
 e - the ring "Cogruyteaz" {rN++ MP+9 Int+6 Dex-3 SInv}
   (You found it on level 26 of a ziggurat)

   [ring of intelligence]

   Int:       It affects your intelligence (+6).
   Dex:       It affects your dexterity (-3).
   rN:        It greatly protects you from negative energy.
   MP:        It affects your magic capacity (+9).
   SInv:      It lets you see invisible.
 f - the ring of Understanding {Fly Str+3 Slay+4}
   (You acquired it on level 13 of a ziggurat)

   [ring of slaying]

   Str:       It affects your strength (+3).
   Slay:      It affects your accuracy & damage with ranged weapons and melee
   (+4).
   Fly:       It grants you flight.
 y - the amulet "Horafyar" {RegenMP rCorr Int+3}
   (You found it on level 12 of a ziggurat)

   [amulet of magic regeneration]

   It increases your rate of magic regeneration.
   Int:       It affects your intelligence (+3).
   rCorr:     It protects you from acid and corrosion.
 z - the ring of Fiomn (right hand) {Wiz Int+3}
   (You found it on level 24 of a ziggurat)

   [ring of wizardry]

   It improves your spell success rate.
   Int:       It affects your intelligence (+3).
 F - the macabre finger necklace {Finger+ rN+}
   (You found it on level 18 of a ziggurat)

   [amulet of nothing]

   Finger+:   It enables you to equip an extra ring.
   rN:        It protects you from negative energy.
 S - the amulet of Xebbe (around neck) {RegenMP Will+ Slay+3 SInv}
   (You found it on level 21 of a ziggurat)

   [amulet of magic regeneration]

   It increases your rate of magic regeneration.
   Slay:      It affects your accuracy & damage with ranged weapons and melee
   (+3).
   SInv:      It lets you see invisible.
   Will:      It increases your willpower.
 W - the ring "Dacahi Wuabo" (left hand) {rF+ Str+3 Int+4 Dex+3}
   (You found it on level 3 of the Elven Halls)

   [ring of protection from fire]

   Str:       It affects your strength (+3).
   Int:       It affects your intelligence (+4).
   Dex:       It affects your dexterity (+3).
   rF:        It protects you from fire.
Wands
 Y - a wand of digging (28)
Scrolls
 t - 11 scrolls of fear
 u - 49 scrolls of teleportation
 w - 15 scrolls of amnesia
 x - 4 scrolls of brand weapon
 B - 8 scrolls of magic mapping
 C - 3 scrolls of blinking
 G - 18 scrolls of fog
 L - 5 scrolls of enchant armour
 N - 26 scrolls of enchant weapon
Potions
 c - 21 potions of might
 i - 6 potions of brilliance
 k - 24 potions of cancellation
 m - 18 potions of flight
 q - 39 potions of mutation
 s - 5 potions of magic
 D - 15 potions of heal wounds
 H - 8 potions of resistance
 K - 7 potions of haste
 T - 23 potions of curing
 Z - 10 potions of invisibility
Miscellaneous
 l - 2 +2 figurines of a ziggurat


   Skills:
 O Level 27 Fighting
 - Level 9.7(14.0) Short Blades
 - Level 16.0(17.0) Long Blades
 - Level 1.3 Polearms
 - Level 12.6 Throwing
 O Level 27 Armour
 + Level 26.0 Dodging
 - Level 6.0 Stealth
 + Level 26.9 Shields
 - Level 24.0 Spellcasting
 - Level 23.0 Conjurations
 - Level 14.0 Summonings
 - Level 23.1 Necromancy
 - Level 2.0 Translocations
 - Level 14.0 Transmutations
 - Level 23.0 Fire Magic
 - Level 23.0 Ice Magic
 - Level 9.0 Air Magic
 - Level 23.0 Earth Magic


You had 6 spell levels left.
You knew the following spells:

 Your Spells              Type           Power      Damage    Failure   Level
a - Necromutation         Tmut/Necr      93%        N/A       1%          8
b - Borgnjor's Vile Clut  Necr/Erth      100%       N/A       0%          5
c - Polar Vortex          Ice            99%        N/A       2%          9
d - Death's Door          Necr           99%        N/A       2%          9
e - Shatter               Erth           99%        3d71*     2%          9
f - Spellforged Servitor  Conj/Summ      80%        N/A       1%          7
g - Fire Storm            Conj/Fire      99%        8d25      2%          9
i - Sublimation of Blood  Necr           100%       N/A       0%          2
j - Lehudib's Crystal Sp  Conj/Erth      99%        10d22     1%          8
z - Blink                 Tloc           100%       N/A       1%          2

Your spell library contained the following spells:

 Spells                   Type           Power      Damage    Failure   Level
 Beastly Appendage        Tmut           100%       N/A       0%          1
 Foxfire                  Conj/Fire      100%       2x1d9     0%          1
 Freeze                   Ice            100%       1d10      0%          1
 Kiss of Death            Conj/Necr      100%       2d13      0%          1
 Magic Dart               Conj           100%       1d8       0%          1
 Necrotise                Necr           100%       1d9       0%          1
 Sandblast                Erth           100%       2d20      0%          1
 Shock                    Conj/Air       100%       1d9       0%          1
 Summon Small Mammal      Summ           100%       N/A       0%          1
 Call Imp                 Summ           100%       N/A       0%          2
 Cigotuvi's Dreadful Rot  Necr/Pois/Air  100%       N/A       0%          2
 Ensorcelled Hibernation  Hex/Ice        100%       N/A       0%          2
 Momentum Strike          Conj/Tloc      100%       3d10      0%          2
 Passwall                 Tmut/Erth      100%       N/A       0%          2
 Scorch                   Fire           100%       2d9       0%          2
 Searing Ray              Conj           100%       2d8       0%          2
 Static Discharge         Conj/Air       100%       2-7/arc   0%          2
 Wereblood                Tmut           100%       N/A       0%          2
 Call Canine Familiar     Summ           100%       N/A       0%          3
 Dazzling Flash           Conj/Hex       100%       N/A       0%          3
 Frozen Ramparts          Ice            100%       1d16      0%          3
 Hailstorm                Conj/Ice       100%       3d20      0%          3
 Ignite Poison            Fire/Tmut/Pois 100%       N/A       0%          3
 Inner Flame              Hex/Fire       100%       N/A       0%          3
 Ozocubu's Armour         Ice            100%       N/A       0%          3
 Stone Arrow              Conj/Erth      100%       3d13      0%          3
 Vampiric Draining        Necr           100%       2d13      0%          3
 Volatile Blastmotes      Fire/Tloc      100%       2d18      0%          3
 Animate Armour           Summ/Erth      100%       N/A       0%          4
 Animate Dead             Necr           100%       N/A       0%          4
 Dispel Undead            Necr           100%       3d31      0%          4
 Flame Wave               Conj/Fire      100%       2d21      0%          4
 Ice Form                 Ice/Tmut       100%       N/A       0%          4
 Petrify                  Tmut/Erth      100%       N/A       0%          4
 Sticky Flame             Conj/Fire      100%       2d11      0%          4
 Summon Ice Beast         Ice/Summ       100%       N/A       0%          4
 Agony                    Necr           100%       N/A       0%          5
 Fireball                 Conj/Fire      99%        3d36      0%          5
 Freezing Cloud           Conj/Ice/Air   100%       6-21      0%          5
 Irradiate                Conj/Tmut      80%        3d38      0%          5
 Iskenderun's Battlesphe  Conj           100%       2d15      0%          5
 Lee's Rapid Deconstruct  Erth           99%        3d43*     0%          5
 Death Channel            Necr           99%        N/A       0%          6
 Iron Shot                Conj/Erth      99%        9d18      0%          6
 Simulacrum               Ice/Necr       100%       N/A       0%          6
 Starburst                Conj/Fire      99%        6d25      0%          6
 Apportation              Tloc           100%       N/A       1%          1
 Slow                     Hex            100%       N/A       1%          1
 Sting                    Tmut/Pois      100%       1d8       1%          1
 Lesser Beckoning         Tloc           100%       N/A       1%          2
 Poisonous Vapours        Pois/Air       100%       N/A       1%          2
 Confusing Touch          Hex            79%        N/A       1%          3
 Gell's Gravitas          Tloc           94%        N/A       1%          3
 Mephitic Cloud           Conj/Pois/Air  100%       N/A       1%          3
 Portal Projectile        Hex/Tloc       100%       N/A       1%          3
 Spider Form              Tmut/Pois      100%       N/A       1%          3
 Summon Guardian Golem    Hex/Summ       100%       N/A       1%          3
 Swiftness                Air            100%       N/A       1%          3
 Teleport Other           Tloc           94%        N/A       1%          3
 Tukima's Dance           Hex            79%        N/A       1%          3
 Vhi's Electric Charge    Tloc/Air       100%       N/A       1%          3
 Airstrike                Air            77%        2d(11-27) 1%          4
 Anguish                  Hex/Necr       82%        N/A       1%          4
 Fulminant Prism          Conj/Hex       69%        3d28      1%          4
 Iskenderun's Mystic Bla  Conj/Tloc      100%       2d19      1%          4
 Leda's Liquefaction      Hex/Erth       82%        N/A       1%          4
 Manifold Assault         Tloc           94%        N/A       1%          4
 Passage of Golubria      Tloc           94%        N/A       1%          4
 Summon Lightning Spire   Summ/Air       100%       N/A       1%          4
 Alistair's Intoxication  Tmut/Pois      80%        N/A       1%          5
 Arcjolt                  Conj/Air       89%        1d99      1%          5
 Blade Hands              Tmut           73%        N/A       1%          5
 Metabolic Englaciation   Hex/Ice        82%        N/A       1%          5
 Silence                  Hex/Air        66%        N/A       1%          5
 Summon Forest            Summ/Tloc      62%        N/A       1%          5
 Summon Mana Viper        Hex/Summ       100%       N/A       1%          5
 Yara's Violent Unravell  Hex/Tmut       60%        3d23      1%          5
 Conjure Ball Lightning   Conj/Air       89%        3x3d33    1%          6
 Plasma Beam              Fire/Air       100%       2x1d131   1%          6
 Statue Form              Tmut/Erth      100%       N/A       1%          6
 Summon Cactus Giant      Summ           73%        N/A       1%          6
 Eringya's Noxious Bog    Tmut/Pois      60%        N/A       2%          6
 Cause Fear               Hex            39%        N/A       3%          4
 Olgreb's Toxic Radiance  Pois           79%        N/A       3%          4
 Dispersal                Tloc           47%        N/A       21%         6
 Dragon Form              Tmut           73%        N/A       1%          7
 Haunt                    Necr/Summ      93%        N/A       1%          7
 Monstrous Menagerie      Summ           73%        N/A       1%          7
 Orb of Destruction       Conj           85%        9d19      1%          7
 Ozocubu's Refrigeration  Ice            99%        4d29      1%          7
 Summon Hydra             Summ           73%        N/A       1%          7
 Borgnjor's Revivificati  Necr           99%        N/A       1%          8
 Ignition                 Fire           99%        3d25      1%          8
 Infestation              Necr           99%        N/A       1%          8
 Storm Form               Tmut/Air       82%        N/A       2%          7
 Summon Horrible Things   Summ           73%        N/A       7%          8
 Malign Gateway           Summ/Tloc      62%        N/A       11%         7
 Maxwell's Capacitive Co  Air            77%        ∞         45%         8
 Dragon's Call            Summ           73%        N/A       67%         9
 Enfeeble                 Hex            39%        N/A       92%         7
 Discord                  Hex            39%        N/A       100%        8
 Disjunction              Tloc           47%        N/A       100%        8


Dungeon Overview and Level Annotations

Branches:
Dungeon (15/15)            Temple (0/1) D:5            Lair (5/5) D:10
  Swamp (4/4) Lair:3        Snake (4/4) Lair:2        Slime (5/5) Lair:5
    Orc (2/2) D:9             Elf (3/3) Orc:2        Vaults (5/5) D:14
  Crypt (3/3) Vaults:2       Tomb (3/3) Crypt:3      Depths (4/4) D:15
   Hell (visited)             Dis (7/7) Hell            Geh (7/7) Hell
    Coc (7/7) Hell            Tar (7/7) Hell            Zot (5/5) Depths:4
Ossuary (visited)           IceCv (visited)          WizLab (visited)
Gauntlet (visited)

Shops:
D:10 !   D:13 [   Orc:1 *   Orc:2 :(!::   Elf:2 !:   Snake:1 [   Vaults:1 =
Vaults:2 (=!:[   Vaults:5 [

Portals:
Hell: Depths:1 Depths:2 Depths:3 Depths:4
Abyss: D:12 Lair:5 Depths:3
Pandemonium: Depths:2
Trove: D:13 (give 9 potions of haste)

Annotations:
D:7 training for kite shield
D:11 Iron Shot -> Servitor
Snake:4 Horrible Things -> Dragons Call
Slime:1 firestorm for majin bo synergy?
Elf:3 secret upstairs
Vaults:2 necromutation -> firestorm/shatter
Vaults:3 then death's door
Vaults:4 crystal spear after necromut along way to shatter/firestorm
Depths:2 abyss after necromut -> v5 after big spell
Depths:3
Abyss -> Crypt -> the rest
Depths:4 L16 Long Blade at some point
Zot:1 -infest, +death door | -irrad., +shatter (need 19.5 SC)


Innate Abilities, Weirdness & Mutations

You are an undead lich.
Your unarmed attacks are suffused with negative energy.
You are immune to unholy pain and torment.
Your necromantic spells are more powerful.
You cannot drink.
You are immune to poison.
You have an increased reservoir of magic. (+10% MP)
You shall have no god before yourself.
Your divine heritage dramatically boosts your attributes as you level up.
You have sharp toenails.
You possess an exceptional clarity of mind.
Your flesh is heat resistant. (rF+)
You are strong-willed. (Will+)


Message History

Confirm with . or Enter, or press ? or * to list all spells.
You feel a strong surge of power!
You extend your transformation's duration.
There is an open door here.
Magic restored.
A Hell Sentinel comes into view.
Casting: Necromutation (mildly dangerous; 1% risk of failure)
Confirm with . or Enter, or press ? or * to list all spells.
Aiming: Lehudib's Crystal Spear (mildly dangerous; 1% risk of failure)
Press: ? - help, Shift-Dir - straight line, f - Hell Sentinel
Aim: a Hell Sentinel (99% to hit)
You feel a strong surge of power!
Your line of fire to the Hell Sentinel is blocked by a plant.
Casting: Lehudib's Crystal Spear (mildly dangerous; 1% risk of failure)
Confirm with . or Enter, or press ? or * to list all spells.
Aiming: Lehudib's Crystal Spear (mildly dangerous; 1% risk of failure)
Press: ? - help, Shift-Dir - straight line, f/p - Hell Sentinel
Aim: a Hell Sentinel (99% to hit)
You feel a strong surge of power!
The crystal spear hits the Hell Sentinel!!!!
The Hell Sentinel is severely wounded.
The Hell Sentinel gestures at you.
The sphere of damnation explodes!
The damnation engulfs you!!!
The damnation engulfs the plant!
The plant begins to die.
The damnation engulfs the plant!!
The plant begins to die.
The damnation engulfs the Hell Sentinel.
The Hell Sentinel completely resists.
Casting: Lehudib's Crystal Spear (mildly dangerous; 1% risk of failure)
Confirm with . or Enter, or press ? or * to list all spells.
Aiming: Lehudib's Crystal Spear (mildly dangerous; 1% risk of failure)
Press: ? - help, Shift-Dir - straight line, f/p - Hell Sentinel
Aim: a Hell Sentinel (severely wounded, 99% to hit)
You feel a strong surge of power!
The crystal spear hits the Hell Sentinel!!!!
You kill the Hell Sentinel!
You start resting.
A nearby plant withers and dies.
A nearby plant withers and dies.
There is a staircase leading out of the dungeon here.
You have escaped!

#..............##.....##
#.#########............##
#.'.PP≈≈.P#.............#
###.~P~~.≈#.............#
#~....~~#>............##
#.~....P#..............#
#≈.P~.#.#.(............#
###.P.~≈#.#..............#
#.'P~P.≈#L#............#..
#.#########.....#......##.
#....# ##...#....##...##.
####.# ##..#.#.....#......
#.###..##.##........##.
#.....###.###.........(
##.#### #.####.........
#..# #..###.........
##.### ##.#...........


There were no monsters in sight!

Vanquished Creatures
  Cerebov (Pan)
  Asmodeus (Geh:7)
  the Royal Jelly (Slime:5)
  Ereshkigal (Tar:7)
  23 pandemonium lords
  Mnoleg (Pan)
  3 seraphim
  Lom Lobon (Pan)
  the Serpent of Hell (Dis:7)
  Gloorx Vloq (Pan)
  Dispater (Dis:7)
  19 dread liches
  Khufu (Crypt:3)
  21 ancient liches
  14 orbs of fire
  29 juggernauts
  The ghost of Susch the Crack Shot, a legendary MfGl of the Shining One (Depths:4)
  Boris (thrice) (Depths:3 Crypt:1 Tomb:1)
  29 royal mummies
  Sojobo (Depths:2)
  Bai Suzhen (Depths:2)
  17 shard shrikes
  15 Killer Klowns
  Xtahua (Depths:3)
  the Lernaean hydra (Swamp:4)
  42 caustic shrikes
  Saint Roka (Vaults:3)
  Frederick (Vaults:3)
  Geryon (Hell)
  25 golden dragons
  27 profane servitors
  A pearl dragon (Abyss:3)
  13 doom hounds
  27 bone dragons
  22 Tzitzimimeh
  A shard shrike zombie (Crypt:2)
  13 iron giants
  22 hellephants
  10 electric golems
  23 tentacled monstrosities
  24 Hell Sentinels
  28 tainted leviathans
  23 Brimstone Fiends
  A spectral shard shrike (Tar:3)
  Mlioglotl (Swamp:2)
  2 shard shrike skeletons (Crypt:3)
  28 Ice Fiends
  24 Orb Guardians
  3 deep elf blademasters
  34 titans
  9 quicksilver dragons
  44 searing wretches
  17 liches
  Rupert (D:14)
  A deep elf master archer (Elf:3)
  12 death cobs
  24 Executioners
  3 tentacled starspawn
  36 ancient champions
  36 acid blobs
  13 sphinxes
  Frances (D:13)
  The ghost of Dyni Soq the Brawler, an adept TrMo of Nemelex Xobeh (Depths:4)
  6 shadow dragons
  A sphinx (shapeshifter) (Zig:20)
  The ghost of Babbit the Severer, an adept MiFi of Okawaru (Swamp:3)
  3 thorn hunters
  16 storm dragons
  8 daevas (Pan)
  A shadow dragon (shapeshifter) (Zig:20)
  29 draconian monks
  11 rockslimes
  12 tengu reavers
  15 revenants
  An azure jelly (shapeshifter) (Zig:20)
  15 narguns
  Roxanne (Snake:1)
  40 nagarajas
  30 fire giants
  14 azure jellies
  33 draconian knights
  9 emperor scorpions
  11 demonspawn warmongers
  6 frost giants
  22 quicksilver elementals
  34 ghost moths
  78 balrugs
  A caustic shrike zombie (Hell)
  16 vault wardens
  10 deep elf sorcerers
  5 shard shrike simulacra
  38 orc warlords
  A juggernaut zombie (Hell)
  17 angels
  An emperor scorpion (shapeshifter) (Zig:21)
  32 draconian scorchers
  29 draconian shifters
  3 fire giants (shapeshifter)
  Louise (Swamp:2)
  6 iron dragons
  11 ghouls
  4 deep elf elementalists (Elf:3)
  27 ironbound preservers
  34 draconian stormcallers
  16 cacodemons
  11 curse skulls
  A stone giant (shapeshifter) (Zig:20)
  22 demonspawn corrupters
  24 war gargoyles
  11 quicksilver oozes
  15 demonspawn blood saints
  2 broodmothers (Zig:16)
  A broodmother (shapeshifter) (Vaults:5)
  22 reapers
  22 very ugly things
  9 ophanim (Pan)
  3 caustic shrike skeletons
  44 draconian annihilators
  53 stone giants
  A spriggan defender (Depths:3)
  4 ironbound thunderhulks
  4 bennus (Tomb:3)
  16 purple draconians
  22 putrid mouths
  35 elemental wellsprings
  3 juggernaut skeletons
  20 vampire knights
  18 black draconians
  11 apis (Pan)
  7 deep elf demonologists
  18 green draconians
  20 red draconians
  A minotaur (Gauntlet)
  6 eleionomae
  18 white draconians
  A dire elephant (shapeshifter) (Zig:20)
  14 demonspawn black suns
  19 wendigos
  6 bunyips
  17 yellow draconians
  13 dire elephants
  12 lorocyprocas
  A bunyip (shapeshifter) (Elf:2)
  6 spark wasps
  10 deep elf annihilators
  14 ettins
  18 eidola
  12 green deaths
  3 merfolk javelineers
  18 iron golems
  14 blizzard demons
  13 deep elf death magi
  10 fire dragons
  6 jiangshi
  5 shambling mangroves
  A spectral iron giant (Tar:5)
  26 entropy weavers
  4 spriggan zombies
  Josephine (D:13)
  The ghost of Wiggles the Severer, a journeyman MiBe of Trog (D:12)
  23 mummy priests
  12 deep elf high priests
  17 great orbs of eyes
  2 crystal guardians (Vaults:4)
  5 merfolk impalers
  A spectral kraken (Tar:7)
  11 yaktaur captains
  Erolcha (D:9)
  2 spectral spriggans (Tar:1)
  4 rakshasas
  2 fenstrider witch zombies (Tomb:1)
  A quicksilver dragon skeleton (Depths:2)
  28 salamander tyrants
  25 vault guards
  2 hydras (shapeshifter)
  7 radroaches
  7 catoblepae
  19 spriggan air magi
  5 juggernaut simulacra
  5 ice dragons
  9 ironbound frosthearts
  7 centaur warriors
  An alligator snapping turtle (Zig:13)
  A peacekeeper (Vaults:4)
  4 death knights
  26 hydras
  A fenstrider witch skeleton (Crypt:2)
  4 spriggan skeletons
  5 merfolk aquamancers
  Erica (Lair:1)
  7 boulder beetles
  10 caustic shrike simulacra
  8 ghost crabs
  10 hell beasts
  41 death scarabs
  11 stokers
  3 ogre magi
  22 dancing weapons
  A spectral stone giant (Tar:1)
  5 nameless horrors
  A two-headed ogre (shapeshifter) (Zig:8)
  10 two-headed ogres
  10 anacondas
  A death yak (shapeshifter) (Vaults:2)
  21 naga warriors
  8 deep troll shamans
  44 hell hogs
  A spriggan berserker (Depths:4)
  A satyr (Abyss:3)
  13 vampire magi
  6 alligators
  6 death yaks
  2 titan zombies
  8 deep troll earth magi
  A spectral dire elephant (Tar:4)
  41 sun demons
  4 thrashing horrors
  55 orc high priests
  A shock serpent (shapeshifter) (Zig:21)
  A tengu warrior (D:13)
  The ghost of rozman the Destroyer, a journeyman DECj of Vehumet (Lair:2)
  A storm dragon zombie (Crypt:3)
  21 soul eaters
  14 hell knights
  22 naga sharpshooters
  25 shock serpents
  19 sixfirhies
  21 iron trolls
  5 titan skeletons
  Sonja (Orc:2)
  17 deep elf knights
  3 skysharks (Zig:20)
  40 skeletal warriors
  2 wretched stars
  16 crystal echidnas
  3 fire crabs (Zig:15)
  A golden dragon zombie (Tomb:3)
  A fire crab (shapeshifter) (Elf:3)
  A storm dragon skeleton (Crypt:3)
  8 pharaoh ants
  11 salamander mystics
  An iron troll (shapeshifter) (Zig:20)
  11 shadow wraiths
  16 orb spiders
  A goliath frog (shapeshifter) (Zig:21)
  5 goliath frogs
  9 cherubim
  15 spriggan druids
  50 deep trolls
  A sea snake (shapeshifter) (Depths:3)
  An anaconda zombie (Hell)
  A death drake (Zig:17)
  2 quicksilver dragon simulacra
  9 glowing orange brains
  2 death drakes (shapeshifter)
  A deep troll (shapeshifter) (Zig:26)
  2 spark wasp zombies
  A spectral hydra (Tar:3)
  11 swamp dragons
  4 sea snakes
  A swamp dragon (shapeshifter) (Depths:1)
  2 bog bodies
  2 orb spiders (shapeshifter)
  A spectral iron dragon (Tar:5)
  A shadow dragon zombie (Tomb:2)
  A harpy (shapeshifter) (Zig:10)
  13 harpies
  4 spriggan simulacra
  11 flayed ghosts
  21 shadow demons
  3 orange crystal statues
  17 wizards
  16 ironbound convokers
  A tengu zombie (Hell)
  3 golden dragon skeletons
  33 large abominations
  12 naga ritualists
  28 phantasmal warriors
  12 deep elf archers
  5 lindwurms
  2 lindwurms (shapeshifter)
  5 obsidian statues
  An anaconda skeleton (Hell)
  16 necromancers
  3 steelbarb worms
  A spectral ice dragon (Tar:1)
  10 mana vipers
  3 bunyip skeletons (Pan)
  26 deep elf pyromancers
  Pikel (D:7)
  31 orc knights
  7 shining eyes
  2 iron dragon zombies
  2 steelbarb worms (shapeshifter)
  7 worldbinders
  2 spectral ettins
  4 will-o-the-wisps
  A shining eye (shapeshifter) (Zig:21)
  33 orc sorcerers
  20 deep elf zephyrmancers
  7 wolf spiders
  5 cyclopes
  A spectral centaur (Tar:1)
  28 ugly things
  A fire giant zombie (Hell)
  2 merfolk sirens (Zig:13)
  5 manticores
  An iron dragon skeleton (Crypt:3)
  10 elephants
  A naga zombie (Tomb:1)
  25 vault sentinels
  A moth of wrath (shapeshifter) (Zig:20)
  34 salamanders
  61 moths of wrath
  2 elephants (shapeshifter)
  A guardian serpent (shapeshifter) (Zig:21)
  10 rust devils
  A centaur zombie (D:15)
  11 guardian serpents
  24 naga magi
  4 titan simulacra
  11 demonic crawlers
  11 water nymphs
  6 eyes of devastation
  18 orange demons
  A black mamba (shapeshifter) (Elf:2)
  A stone giant skeleton (Crypt:3)
  Joseph (D:10)
  16 smoke demons
  3 ice statues
  13 cane toads
  14 torpor snails
  5 apocalypse crabs (Zig:20)
  An alligator snapping turtle zombie (Tomb:2)
  A gargoyle (D:14)
  47 black mambas
  2 unseen horrors (Pan)
  27 hellions
  4 naga skeletons (Crypt:3)
  5 rime drakes
  Maggie (D:10)
  8 spectral swamp worms (Tar:7)
  A bunyip simulacrum (Coc:2)
  2 komodo dragons (shapeshifter) (Zig:26)
  A centaur skeleton (Crypt:2)
  A kobold demonologist (D:14)
  37 tormentors
  A pale draconian zombie (Crypt:2)
  A sea snake zombie (Hell)
  A rime drake (shapeshifter) (Elf:2)
  6 tengu conjurers
  7 ancient zymes
  9 efreet
  3 unseen horrors (shapeshifter)
  7 spectral nagas
  2 alligator snapping turtle skeletons (Crypt:3)
  8 yaktaurs
  6 iron giant simulacra
  8 komodo dragons
  11 ice devils
  3 anaconda simulacra
  40 guardian mummies
  9 freezing wraiths
  3 spectral harpies
  3 hydra zombies
  A harpy zombie (Crypt:3)
  10 merfolk (Zig:13)
  A merfolk (shapeshifter) (Zig:26)
  19 trolls
  19 hornets
  A silent spectre (Tar:6)
  2 wind drakes (shapeshifter)
  7 red devils
  2 bloated husks
  2 hydra skeletons
  A hornet (shapeshifter) (Depths:3)
  A troll (shapeshifter) (Lair:5)
  11 raiju
  4 polar bears
  Prince Ribbit (D:6)
  5 hellwings
  10 tarantellas
  An alligator zombie (Hell)
  5 tyrant leeches
  9 blink frogs
  2 harpy skeletons
  A tarantella zombie (Crypt:1)
  A blink frog (shapeshifter) (D:13)
  2 snapping turtles (Zig:13)
  An elf zombie (Vaults:4)
  A meliai zombie (D:15)
  An iron dragon simulacrum (Coc:1)
  3 dream sheep (shapeshifter)
  A stone giant simulacrum (Coc:2)
  39 flying skulls
  3 centaur simulacra (Coc:1)
  91 slime creatures
  7 air elementals
  7 jumping spiders
  A black mamba zombie (Crypt:2)
  3 naga simulacra
  12 water elementals
  3 ettin skeletons
  6 culicivoras
  19 spriggans
  23 ynoxinuls
  25 ushabtiu
  9 wraiths
  2 shadows (D:11)
  6 dire elephant simulacra
  5 vampires
  4 wyverns
  Eustachio (D:6)
  19 yaks
  An alligator skeleton (Crypt:3)
  4 fire elementals
  6 basilisks
  A basilisk (shapeshifter) (Zig:20)
  A black mamba skeleton (Pan)
  2 hogs (shapeshifter)
  A human (Zot:1)
  13 golden eyes
  13 starcursed masses
  9 redbacks
  2 steam dragons (D:5)
  25 neqoxecs
  A redback (shapeshifter) (Zig:8)
  16 chaos spawn
  6 vampire mosquitoes
  12 swamp worms
  A two-headed ogre zombie (Crypt:3)
  23 wargs
  18 harpy simulacra
  65 nagas
  3 acid dragons
  A floating eye (shapeshifter) (Zig:26)
  4 floating eyes
  2 hydra simulacra
  13 water moccasins
  A glowing shapeshifter skeleton (Depths:2)
  3 hell hounds (Pan)
  100 orc warriors
  A demonspawn skeleton (Crypt:2)
  8 swamp drakes
  A black bear (D:6)
  A sky beast (D:4)
  2 ice beasts (D:6)
  5 ettin simulacra
  53 ogres
  A boggart (shapeshifter) (Zig:21)
  A swamp dragon skeleton (Pan)
  7 centaurs
  16 wolves
  5 boggarts (D:15)
  A lemure (D:7)
  2 phantoms
  Blork the orc (D:6)
  A kobold brigand (D:11)
  5 bullfrogs
  6 necrophages
  An elf skeleton (Crypt:1)
  A water moccasin zombie (Crypt:1)
  A cyclops zombie (Crypt:2)
  4 earth elementals
  4 gnoll sergeants
  A scorpion (D:6)
  11 small abominations
  A hornet simulacrum (D:15)
  A wight (D:8)
  A troll zombie (Crypt:1)
  A killer bee (D:9)
  A yak skeleton (Crypt:2)
  A swamp dragon simulacrum (Coc:2)
  6 howler monkeys
  A jelly (D:5)
  A lava snake (Snake:4)
  A quasit (Abyss:3)
  A hound (D:5)
  4 iron imps
  32 orc priests
  A gnoll bouda (Zig:12)
  A basilisk skeleton (Crypt:1)
  4 iguanas
  32 orc wizards
  A boggart zombie (D:15)
  6 hell rats
  46 mummies
  6 adders
  22 gnolls
  A shadow imp (D:5)
  A white imp (D:6)
  2 ufetubi (D:5)
  4 worms
  3 dart slugs
  60 orcs
  An orc (shapeshifter) (Vaults:4)
  8 ball pythons
  A bat skeleton (Crypt:1)
  8 endoplasms
  3 giant cockroaches
  5 goblins
  5 hobgoblins
  2 jackals (D:4)
  9 kobolds
  2 quokkas
  11 bats
  3 frilled lizards (D:2)
  7 gnoll skeletons (Ossuary)
  4 kobold skeletons (Ossuary)
  15 orc skeletons
  4 rats
  A rat skeleton (Crypt:3)
  9 ball lightnings
  6 creeping infernos
  91 fire vortices
  2 starspawn tentacles (Zig:6)
  2 tentacles (Tar:7)
5391 creatures vanquished.

Vanquished Creatures (collateral kills)
  Antaeus (Coc:7)
  An orb of fire (Zot:3)
  A royal mummy (Tomb:2)
  2 pandemonium lords (Pan)
  The ghost of Nuaducluc the Sorcerer, a veteran DEFE of Vehumet (Depths:4)
  A shard shrike (Coc:7)
  2 Killer Klowns (Zot:1)
  A curse toe (Zot:1)
  8 caustic shrikes
  Nikola (Swamp:2)
  2 profane servitors
  2 doom hounds
  2 bone dragons
  6 Brimstone Fiends
  4 Tzitzimimeh
  3 hellephants
  Jorgrun (Orc:1)
  3 Ice Fiends
  3 tentacled monstrosities
  4 Orb Guardians (Zot:5)
  18 searing wretches
  2 tainted leviathans (Tar:7)
  2 Hell Sentinels (Dis:7)
  A deep elf blademaster (Elf:3)
  Grunn (Zot:3)
  5 acid blobs
  2 quicksilver dragons
  A death cob (Zot:4)
  2 ancient champions
  Murray (Hell)
  5 sphinxes
  6 Executioners
  2 draconian monks
  5 storm dragons
  A tengu reaver (Depths:2)
  4 revenants
  2 daevas (Pan)
  2 demonspawn warmongers (Pan)
  4 fire giants
  3 vault wardens
  6 deep elf sorcerers
  17 balrugs
  2 draconian scorchers
  A nargun (Coc:7)
  10 frost giants
  4 quicksilver elementals
  4 rockslimes (Slime:5)
  A spectral caustic shrike (Tar:3)
  2 draconian shifters
  2 iron dragons
  4 angels (Pan)
  A shard shrike simulacrum (Coc:5)
  2 deep elf elementalists
  2 draconian annihilators
  10 cacodemons
  5 stone giants
  3 quicksilver oozes
  7 very ugly things
  A caustic shrike skeleton (Pan)
  3 ophanim (Pan)
  5 ironbound preservers
  4 reapers
  7 war gargoyles
  3 eleionomae (Swamp:4)
  6 apis (Pan)
  5 putrid mouths
  A deep elf demonologist (Elf:3)
  3 black draconians
  2 bennus (Tomb:3)
  3 deep elf annihilators
  4 bunyips
  3 red draconians
  2 dire elephants
  A spectral titan (Tar:7)
  3 white draconians
  2 wendigos
  2 purple draconians
  A green death (Pan)
  3 deep elf death magi
  An eidolon (Zig:22)
  2 jiangshi (Crypt:1)
  An ettin (Vaults:5)
  3 iron golems
  A mummy priest (Tomb:1)
  A fire dragon (Depths:3)
  A spectral golden dragon (Tar:5)
  3 deep elf high priests
  A spectral spriggan (Tar:1)
  An entropy weaver (Zig:23)
  3 yaktaur captains
  A shambling mangrove (Swamp:4)
  8 vault guards
  A great orb of eyes (Slime:3)
  An ice dragon (Depths:4)
  3 spriggan air magi
  2 ogre magi
  An anaconda (Snake:3)
  2 salamander tyrants
  2 rakshasas (Abyss:3)
  3 caustic shrike simulacra
  7 hydras
  2 two-headed ogres
  A spriggan skeleton (Crypt:1)
  An ironbound frostheart (Vaults:3)
  7 dancing weapons
  5 stokers
  A boulder beetle (D:12)
  14 hell hogs
  8 death yaks
  2 alligators
  2 naga warriors
  A titan zombie (Hell)
  2 deep troll earth magi (Depths:4)
  A death scarab (Tomb:1)
  An orc high priest (Orc:2)
  A tengu warrior (Depths:3)
  2 spriggan berserkers (Swamp:3)
  28 sun demons
  11 soul eaters
  4 hell knights
  6 sixfirhies
  A skyshark (Lair:2)
  2 naga sharpshooters
  3 deep elf knights
  A pharaoh ant (Zig:23)
  2 crystal echidnas
  6 skeletal warriors
  A sea snake (Snake:4)
  A salamander mystic (Snake:3)
  An iron troll (Depths:1)
  A glowing orange brain (Gauntlet)
  2 golden dragon zombies (Hell)
  An anaconda zombie (Hell)
  4 cherubim (Pan)
  2 naga ritualists (Snake:4)
  17 deep trolls
  3 deep elf archers
  5 swamp dragons
  5 spriggan druids
  A spriggan simulacrum (Coc:4)
  3 phantasmal warriors
  A flayed ghost (Crypt:1)
  The ghost of Psyclone the Thaumaturge, a novice DECj of Ashenzari (D:8)
  A shadow demon (Pan)
  An orb spider (Zig:23)
  An anaconda skeleton (Crypt:1)
  A goliath frog (Swamp:3)
  2 ironbound convokers (Vaults:5)
  4 bog bodies
  A necromancer (Depths:3)
  6 wizards
  A broodmother zombie (Crypt:2)
  3 harpies
  A stone giant zombie (Hell)
  8 deep elf pyromancers
  A mana viper (Snake:2)
  11 deep elf zephyrmancers
  An iron dragon zombie (Crypt:3)
  4 orc knights
  13 ugly things
  3 worldbinders
  A cyclops (D:12)
  5 salamanders
  A guardian serpent (Snake:4)
  2 moths of wrath
  A centaur zombie (Crypt:3)
  A human skeleton (Vaults:4)
  2 elephants (Gauntlet)
  6 black mambas
  A guardian serpent (shapeshifter) (D:14)
  2 titan simulacra
  2 vault sentinels
  6 smoke demons
  10 orange demons (Pan)
  A torpor snail (Zig:20)
  2 demonic crawlers (Pan)
  2 eyes of devastation
  A storm dragon simulacrum (Vaults:4)
  An efreet (Pan)
  3 naga magi
  A hellion (Coc:3)
  A kobold demonologist (D:7)
  2 spectral swamp worms (Tar:7)
  2 cane toads (Lair:3)
  2 komodo dragons
  An anaconda simulacrum (Hell)
  2 rime drakes (IceCv)
  5 freezing wraiths
  2 ice devils
  A spectral harpy (Tar:2)
  8 tormentors
  6 guardian mummies
  A death drake zombie (Crypt:3)
  2 trolls
  4 bloated husks
  2 hellwings (Pan)
  3 iron giant simulacra
  A hydra zombie (Hell)
  5 hornets
  4 tyrant leeches
  A harpy skeleton (Crypt:1)
  3 polar bears
  An iron troll skeleton (Crypt:2)
  20 blink frogs
  5 dream sheep (Lair:3)
  12 spriggans
  12 flying skulls
  An air elemental (Elf:2)
  A vampire (D:9)
  An ettin skeleton (Crypt:3)
  A jumping spider (Zig:23)
  2 wyverns (D:9)
  35 slime creatures
  4 wraiths
  4 humans (Zot:1)
  5 ushabtiu
  7 ynoxinuls
  A dire elephant simulacrum (Coc:2)
  A water elemental (Elf:2)
  3 basilisks
  2 starcursed masses (Abyss:3)
  4 golden eyes
  13 large abominations
  22 yaks
  4 neqoxecs (Pan)
  2 vampire mosquitoes (Swamp:2)
  5 small abominations
  A steam dragon (Lair:3)
  14 chaos spawn
  4 harpy simulacra
  9 swamp worms
  7 nagas
  4 water moccasins
  A hell hound (Pan)
  4 swamp drakes
  A sky beast (D:8)
  5 black bears
  19 orc warriors
  A water nymph skeleton (Crypt:3)
  An ettin simulacrum (Coc:6)
  5 ogres
  11 wolves
  2 lemures (D:7)
  6 kobold brigands
  2 necrophages (Lair:4)
  4 bullfrogs
  A gnoll sergeant (D:8)
  2 naga simulacra
  An earth elemental (Elf:1)
  7 wights (D:8)
  2 killer bees (D:9)
  A howler monkey (D:12)
  13 orc priests
  4 hell rats
  A sleepcap (D:6)
  3 orc wizards
  7 mummies
  8 gnolls
  An ufetubus (Abyss:3)
  46 orcs
  26 kobolds
  A frilled lizard zombie (Crypt:3)
  2 hobgoblin zombies (Crypt:1)
  A ball lightning (Pan)
  2 creeping infernos
  16 fire vortices
  A starspawn tentacle (WizLab)
1065 creatures vanquished.

Vanquished Creatures (others)
  A dread lich (Vaults:5)
  A pandemonium lord (Zig:20)
  A tengu reaver (Zig:21)
  A fire giant (Geh:3)
  A balrug (Pan)
  A ghost moth (Pan)
  A cacodemon (Zig:22)
  A blizzard demon (Zig:15)
  A fire dragon (Zig:15)
  2 caustic shrike simulacra
  2 sun demons (Pan)
  A skeletal warrior (Crypt:3)
  2 quicksilver dragon simulacra
  A wolf spider (Zig:23)
  An anaconda simulacrum (Coc:7)
  A yak (Lair:2)
  A ynoxinul (Pan)
  A chaos spawn (Zig:20)
  2 harpy simulacra
  11 ball lightnings
  A creeping inferno (Geh:3)
  463 fire vortices
  8 foxfires
  A lurking horror (D:12)
  3 starspawn tentacles (WizLab)
  3 tentacles (Tar:7)
513 creatures vanquished.

Grand Total: 6969 creatures vanquished

Notes
Turn   | Place    | Note
-------+----------+-------------------------------------------
     0 | D:1      | wingedge the Demigod Earth Elementalist began the quest for
                  | the Orb.
     0 | D:1      | Reached XP level 1. HP: 14/14 MP: 5/5
   306 | D:1      | Reached XP level 2. HP: 22/22 MP: 5/7
   847 | D:2      | Reached skill level 1 in Fighting
   847 | D:2      | Reached XP level 3. HP: 28/28 MP: 4/8
   896 | D:2      | Learned a level 3 spell: Stone Arrow
   971 | D:2      | Reached skill level 1 in Conjurations
  1576 | D:3      | Reached XP level 4. HP: 35/35 MP: 8/10
  2549 | D:4      | Noticed a sky beast
  2552 | D:4      | Killed a sky beast
  2553 | D:4      | Reached XP level 5. HP: 41/41 MP: 1/12
  2815 | D:4      | Reached XP level 6. HP: 48/48 MP: 7/13
  3310 | D:5      | Entered Level 5 of the Dungeon
  3332 | D:5      | Found a sand-covered staircase.
  3359 | Ossuary  | Entered an ossuary
  3359 | Ossuary  | Noticed a wraith
  3359 | Ossuary  | Noticed a wraith
  3359 | Ossuary  | Noticed a wraith
  3596 | Ossuary  | Noticed a wraith
  3612 | Ossuary  | Killed a wraith
  3849 | D:5      | Found a staircase to the Ecumenical Temple.
  3889 | D:5      | Reached XP level 7. HP: 55/55 MP: 8/15
  4289 | D:5      | Reached skill level 5 in Earth Magic
  4615 | D:5      | Noticed a steam dragon
  4617 | D:5      | Noticed a steam dragon
  4622 | D:5      | Killed a steam dragon
  4630 | D:5      | Killed a steam dragon
  5023 | D:6      | Noticed Eustachio
  5132 | D:6      | Reached XP level 8. HP: 44/62 MP: 6/18
  5241 | D:6      | Reached skill level 5 in Conjurations
  5241 | D:6      | Reached skill level 1 in Summonings
  5241 | D:6      | Reached skill level 1 in Air Magic
  5340 | D:6      | Noticed a two-headed ogre
  5344 | D:6      | Killed a two-headed ogre
  5345 | D:6      | Reached skill level 5 in Spellcasting
  5635 | D:6      | Learned a level 4 spell: Summon Lightning Spire
  5899 | D:6      | Killed Eustachio
  6016 | D:6      | Reached XP level 9. HP: 45/71 MP: 10/20
  6275 | D:6      | Noticed Blork the orc
  6279 | D:6      | Killed Blork the orc
  6545 | D:6      | Noticed Prince Ribbit
  6549 | D:6      | Killed Prince Ribbit
  6764 | D:7      | Reached skill level 5 in Fighting
  6764 | D:7      | Reached skill level 1 in Shields
  7050 | D:7      | Noticed Pikel
  7062 | D:7      | Killed Pikel
  7176 | D:7      | Learned a level 3 spell: Call Canine Familiar
  7176 | D:7      | Noticed a kobold demonologist
  7182 | D:7      | Killed a kobold demonologist
  7190 | D:7      | Reached skill level 5 in Air Magic
  7357 | D:7      | Reached skill level 5 in Summonings
  7812 | D:8      | Reached XP level 10. HP: 81/81 MP: 17/21
  8444 | D:8      | Identified the +0 helmet "Paagacen" {-Cast Dex+3}
  8871 | D:8      | Noticed Psyclone's ghost (novice DECj)
  8872 | D:8      | Found a runed translucent door.
  8886 | D:8      | Killed Psyclone's ghost
  9237 | D:9      | Noticed a seven-headed hydra
  9249 | D:9      | Killed a seven-headed hydra
  9250 | D:9      | Reached skill level 5 in Shields
  9493 | D:9      | Noticed Erolcha
  9507 | D:9      | Killed Erolcha
  9710 | D:9      | Identified the +2 mace "Rouf" {speed, *Rage rElec rN+
                  | Int+2}
  9863 | D:9      | Found a staircase to the Orcish Mines.
 10238 | D:9      | Noticed a two-headed ogre
 10242 | D:9      | Killed a two-headed ogre
 10422 | D:10     | Entered Level 10 of the Dungeon
 10625 | D:10     | Noticed Maggie
 10634 | D:10     | Killed Maggie
 10747 | D:10     | Noticed a two-headed ogre
 10756 | D:10     | Killed a two-headed ogre
 10757 | D:10     | Reached XP level 11. HP: 63/86 MP: 1/22
 10889 | D:10     | Noticed Joseph
 10898 | D:10     | Killed Joseph
 11096 | D:10     | Found Avuorugg's Distillery.
 11107 | D:10     | Bought a potion of cancellation for 88 gold pieces
 11351 | D:10     | Found a staircase to the Lair.
 11880 | Lair:1   | Entered Level 1 of the Lair of Beasts
 12182 | Lair:1   | Noticed Erica
 12194 | Lair:1   | Killed Erica
 12670 | Lair:1   | Reached skill level 10 in Shields
 13295 | Lair:2   | Found the +8 lance "Wyrmbane" {slay drac, rPois rF+ rC+
                  | AC+3}
 13300 | Lair:2   | Noticed a skyshark
 13313 | Lair:2   | Noticed a catoblepas
 13313 | Lair:2   | Killed a skyshark
 13429 | Lair:2   | Found a runed translucent door.
 13431 | Lair:2   | Identified the +7 trident of Acvauf {elec, rElec rN+}
 13431 | Lair:2   | Noticed a spriggan rider
 13439 | Lair:2   | Reached skill level 5 in Stealth
 13637 | Lair:2   | Noticed rozman's ghost (journeyman DECj)
 13652 | Lair:2   | Killed rozman's ghost
 13653 | Lair:2   | Reached XP level 12. HP: 92/95 MP: 12/25
 14258 | Lair:2   | Killed a catoblepas
 14431 | Lair:2   | Reached skill level 1 in Armour
 14602 | Lair:2   | Found a staircase to the Snake Pit.
 15097 | Lair:2   | Reached skill level 1 in Polearms
 16010 | Lair:3   | Identified a scroll of acquirement
 16024 | Lair:3   | Acquired the ring "Wuniosoy" {Wiz MP+9 Dex-4 Slay+5 SInv}
 16474 | Lair:3   | Found a staircase to the Swamp.
 16481 | Lair:3   | Reached skill level 1 in Long Blades
 16845 | Lair:3   | Reached XP level 13. HP: 53/104 MP: 6/28
 18334 | Lair:5   | Entered Level 5 of the Lair of Beasts
 18334 | Lair:5   | Found a staircase to the Slime Pits.
 19110 | Lair:5   | Reached skill level 5 in Dodging
 19675 | Lair:5   | HP: 4/107 [chaos spawn (7)]
 19960 | Lair:5   | Found a one-way gate to the infinite horrors of the Abyss.
 20533 | Orc:1    | Entered Level 1 of the Orcish Mines
 20737 | Orc:1    | Found Awnidoh's Assorted Antiques.
 20769 | Orc:1    | Bought a runed scarf for 240 gold pieces
 20839 | Orc:1    | HP: 2/107 [orc knight/+0 great mace (14)]
 20955 | Orc:1    | Found a frozen archway.
 20956 | Orc:1    | Noticed Jorgrun
 20984 | Orc:1    | Killed Jorgrun
 21042 | IceCv    | Entered an ice cave
 21059 | IceCv    | Reached skill level 5 in Long Blades
 21536 | IceCv    | Reached XP level 14. HP: 74/116 MP: 29/31
 21767 | IceCv    | Noticed a frost giant
 21783 | IceCv    | Killed a frost giant
 22059 | IceCv    | Got Kuexuon's Guidebook on the Wendigo
 22066 | IceCv    | Learned a level 5 spell: Freezing Cloud
 22615 | Orc:2    | Entered Level 2 of the Orcish Mines
 22793 | Orc:2    | Reached skill level 1 in Ice Magic
 22879 | Orc:2    | Found Coshenke's Book Shop.
 22884 | Orc:2    | Found a staircase to the Elven Halls.
 24389 | Orc:2    | Noticed Sonja
 24394 | Orc:2    | Killed Sonja
 24809 | Orc:2    | Found Suomeom's Distillery.
 24812 | Orc:2    | Found Sedwai's Book Shoppe.
 24813 | Orc:2    | Found Ryulaosch's Antique Weapon Emporium.
 24814 | Orc:2    | Found Xoipiuxt's Book Emporium.
 24818 | Orc:2    | Bought a manual of Conjurations for 1120 gold pieces
 24818 | Orc:2    | Bought a book of Alchemy for 392 gold pieces
 24825 | Orc:2    | Learned a level 5 spell: Irradiate
 24828 | Orc:2    | Learned a level 2 spell: Sublimation of Blood
 25131 | D:11     | Reached skill level 1 in Transmutations
 25162 | D:11     | Reached skill level 5 in Armour
 25331 | D:11     | Reached skill level 1 in Necromancy
 25338 | D:11     | Found a gate leading to a gauntlet.
 25409 | Gauntlet | Entered a Gauntlet
 25409 | Gauntlet | Found a transporter.
 25409 | Gauntlet | Found a transporter.
 25409 | Gauntlet | Found a transporter.
 25430 | Gauntlet | Found a transporter.
 25444 | Gauntlet | Found a transporter.
 25476 | Gauntlet | Found a transporter.
 25477 | Gauntlet | Found a transporter.
 25489 | Gauntlet | Found a transporter.
 25499 | Gauntlet | Found a transporter.
 25523 | Gauntlet | Found a transporter.
 25529 | Gauntlet | Found a transporter.
 25548 | Gauntlet | Found a transporter.
 25774 | Gauntlet | Identified the ring "Zonuy" {rF+ Will+ Int+3}
 25882 | Gauntlet | Identified the +7 chain mail of the Volcano {rPois rF- rN+}
 26002 | Gauntlet | Identified the +1 hat "Huicis Wuteh" {Rampage rC- Int+4}
 26010 | Gauntlet | Got the Essays on Battling
 26720 | D:11     | Identified the +2 hand axe "Tin Yguptof" {elec, Int+2}
 26720 | D:11     | Identified the amulet of Meat {Spirit Int+3}
 26721 | D:11     | Reached XP level 15. HP: 101/125 MP: 26/33
 27267 | D:12     | Found a transporter.
 27379 | D:12     | Found a transporter.
 27529 | D:12     | Noticed Wiggles's ghost (journeyman MiBe)
 28108 | D:13     | Noticed Frances
 28114 | D:13     | Killed Frances
 28258 | D:13     | Noticed Josephine
 28270 | D:13     | Killed Josephine
 28561 | D:13     | Found a portal to a secret trove of treasure.
 28708 | D:13     | Found Nahour's Armour Shoppe.
 29059 | D:14     | Noticed Rupert
 29071 | D:14     | Killed Rupert
 29751 | D:14     | Found a gate to the Vaults.
 29944 | D:15     | Entered Level 15 of the Dungeon
 30938 | D:15     | Identified the +6 battleaxe "Qehomiovaw" {flame, *Noise
                  | rElec rPois rF+++ MP+9}
 31225 | D:15     | Found a staircase to the Depths.
 31309 | D:15     | Reached skill level 5 in Ice Magic
 31708 | Snake:1  | Entered Level 1 of the Snake Pit
 32295 | Orc:2    | Bought a book of Iron for 612 gold pieces
 32302 | Orc:2    | Learned a level 6 spell: Iron Shot
 32626 | Snake:1  | Found Wiwedid's Antique Armour Shoppe.
 32799 | Snake:1  | Reached skill level 10 in Spellcasting
 33067 | Snake:1  | Noticed Roxanne
 33091 | Snake:1  | Killed Roxanne
 35637 | Snake:2  | Reached XP level 16. HP: 101/134 MP: 15/35
 37757 | Snake:3  | Reached skill level 10 in Fighting
 38613 | Snake:4  | Entered Level 4 of the Snake Pit
 38846 | Snake:4  | Reached skill level 10 in Conjurations
 38935 | Snake:4  | Reached skill level 5 in Necromancy
 39734 | Snake:4  | Learned a level 7 spell: Spellforged Servitor
 40640 | Snake:4  | Reached XP level 17. HP: 76/140 MP: 4/37
 41224 | Snake:4  | Got a serpentine rune of Zot
 42037 | Snake:1  | Bought a pair of glowing boots for 247 gold pieces
 42151 | Swamp:1  | Entered Level 1 of the Swamp
 42557 | Swamp:1  | Learned a level 5 spell: Borgnjor's Vile Clutch
 43087 | Swamp:2  | Reached skill level 5 in Transmutations
 43101 | Swamp:2  | Noticed a tentacled monstrosity
 43105 | Swamp:2  | Killed a tentacled monstrosity
 43110 | Swamp:2  | Noticed Nikola
 43309 | Swamp:2  | Killed Nikola
 43546 | Swamp:2  | Noticed Mlioglotl
 43553 | Swamp:2  | Killed Mlioglotl
 43723 | Swamp:2  | Reached skill level 10 in Long Blades
 44045 | Swamp:2  | Noticed Louise
 44049 | Swamp:2  | Killed Louise
 45014 | Swamp:3  | Found a transporter.
 45112 | Swamp:3  | Noticed Babbit's ghost (adept MiFi)
 45221 | Swamp:3  | Reached skill level 10 in Summonings
 45455 | Swamp:3  | Found a transporter.
 45529 | Swamp:3  | Killed Babbit's ghost
 45635 | Swamp:3  | Identified the +0 pair of boots of Weightlessness {-Tele
                  | Str+3 Dex+3 Slay+2}
 46017 | Swamp:4  | Entered Level 4 of the Swamp
 46892 | Swamp:4  | Reached XP level 18. HP: 98/149 MP: 39/39
 47954 | Swamp:4  | Noticed the 27-headed Lernaean hydra
 47960 | Swamp:4  | Killed the 27-headed Lernaean hydra
 48033 | Swamp:4  | Got a decaying rune of Zot
 48360 | Elf:1    | Entered Level 1 of the Elven Halls
 48383 | Elf:1    | Identified the +1 leather armour of Bespelled Brilliance
                  | {rF+ rCorr SInv}
 49827 | Elf:2    | Found a transporter.
 49828 | Elf:2    | Found a transporter.
 49832 | Elf:2    | Found a transporter.
 49832 | Elf:2    | Found a transporter.
 50043 | Elf:2    | Reached skill level 10 in Earth Magic
 50231 | Elf:2    | Found Ejuhon's One-of-a-Kind Books.
 50308 | Elf:2    | Acquired the Vellum of Discontinuous Death
 50320 | Elf:2    | Paralysed by an air elemental for 1 turns
 50535 | Elf:2    | Found Uxtin's Distillery.
 50544 | Elf:2    | Found a transporter.
 50547 | Elf:2    | Found a transporter.
 50679 | Elf:3    | Entered Level 3 of the Elven Halls
 51082 | Elf:3    | Identified the ring "Dacahi Wuabo" {rF+ Str+3 Int+4 Dex+3}
 51284 | Elf:3    | Identified the +5 hand axe of Hoducoz {spect, Dex+3}
 51385 | Elf:3    | Reached XP level 19. HP: 160/160 MP: 35/41
 51714 | Elf:2    | Found a runed translucent gate.
 51714 | Elf:2    | Found a runed translucent gate.
 51715 | Elf:2    | Found a runed translucent gate.
 53725 | Elf:3    | Identified the +0 pair of boots "Iceogeraf" {+Inv rC+
                  | Slay+3}
 53739 | Elf:3    | Identified the +4 short sword of Somewhere Else {vamp,
                  | rPois}
 53856 | Elf:3    | Identified the +0 pair of boots of Protective Custody
                  | {Harm}
 53866 | Elf:3    | Got the Codex of Immolation
 54248 | Slime:1  | Entered Level 1 of the Pits of Slime
 54256 | Slime:1  | Learned a level 6 spell: Starburst
 54538 | Slime:2  | Reached skill level 1 in Fire Magic
 54543 | Slime:2  | Gained mutation: You have hidden genetic defects. [a
                  | shining eye]
 54545 | Slime:2  | Gained mutation: Armour fits poorly on your strangely
                  | shaped body. [a shining eye]
 54742 | Slime:2  | Reached skill level 10 in Armour
 54742 | Slime:2  | Reached skill level 10 in Dodging
 55515 | Slime:3  | Gained mutation: You sometimes lose your temper in combat.
                  | [hidden defects]
 56053 | Slime:5  | Entered Level 5 of the Pits of Slime
 56631 | Slime:5  | Noticed the Royal Jelly
 56898 | Slime:5  | Killed the Royal Jelly
 56899 | Slime:5  | Reached XP level 20. HP: 171/171 MP: 6/44
 56903 | Slime:5  | Gained mutation: You occasionally lose the ability to drink
                  | potions when taking damage. [hidden defects]
 56903 | Slime:5  | Lost mutation: You have hidden genetic defects. [hidden
                  | defects expressed]
 57059 | Slime:4  | Lost mutation: Armour fits poorly on your strangely shaped
                  | body. [potion of mutation]
 57059 | Slime:4  | Lost mutation: You sometimes lose your temper in combat.
                  | [potion of mutation]
 57059 | Slime:4  | Gained mutation: You are somewhat resistant to further
                  | mutation. [potion of mutation]
 57060 | Slime:4  | Lost mutation: You occasionally lose the ability to drink
                  | potions when taking damage. [potion of mutation]
 57060 | Slime:4  | Lost mutation: You are somewhat resistant to further
                  | mutation. [potion of mutation]
 57060 | Slime:4  | Gained mutation: You have hidden genetic defects. [potion
                  | of mutation]
 57060 | Slime:4  | Gained mutation: You are frail. (-10% HP) [potion of
                  | mutation]
 57060 | Slime:4  | Gained mutation: Your spells are a little harder to cast,
                  | but a little more powerful. [potion of mutation]
 57061 | Slime:4  | Lost mutation: You are frail. (-10% HP) [potion of
                  | mutation]
 57061 | Slime:4  | Lost mutation: You have hidden genetic defects. [potion of
                  | mutation]
 57061 | Slime:4  | Lost mutation: Your spells are a little harder to cast, but
                  | a little more powerful. [potion of mutation]
 57061 | Slime:4  | Gained mutation: You do not regenerate when monsters are
                  | visible. [potion of mutation]
 57061 | Slime:4  | Gained mutation: Your spells are a little harder to cast,
                  | but a little more powerful. [potion of mutation]
 57061 | Slime:4  | Gained mutation: You have hidden genetic potential. [potion
                  | of mutation]
 57062 | Slime:4  | Lost mutation: You do not regenerate when monsters are
                  | visible. [potion of mutation]
 57062 | Slime:4  | Lost mutation: Your spells are a little harder to cast, but
                  | a little more powerful. [potion of mutation]
 57062 | Slime:4  | Lost mutation: You have hidden genetic potential. [potion
                  | of mutation]
 57062 | Slime:4  | Gained mutation: Your flesh is heat resistant. (rF+)
                  | [potion of mutation]
 57062 | Slime:4  | Gained mutation: You have sharp toenails. [potion of
                  | mutation]
 57062 | Slime:4  | Gained mutation: You are strong-willed. (Will+) [potion of
                  | mutation]
 57075 | Slime:4  | Learned a level 6 spell: Plasma Beam
 57120 | Slime:5  | Learned a level 4 spell: Passage of Golubria
 57262 | Slime:5  | Gained mutation: You possess an exceptional clarity of
                  | mind. [a shining eye]
 57303 | Slime:5  | Got a slimy rune of Zot
 57369 | Slime:5  | Identified the +12 arbalest of Ganuogh {penet, Fly rCorr
                  | Str-4 Dex-2}
 57374 | Slime:5  | Identified the staff of fire "Faed" {rF+ Str+3}
 57382 | Slime:5  | Identified the +6 scale mail of the Barber Surgeon
                  | {*Corrode rPois Dex+5}
 57421 | Slime:5  | Identified the +1 flail of Interdependent Arising {heavy,
                  | rElec}
 57451 | Slime:5  | Identified the staff of earth "Sygimia" {*Slow rC+ Str+2
                  | Int+5}
 57458 | Slime:5  | Identified the +1 robe "Jaigymaw" {Drain Str+4 Int+4}
 57986 | D:12     | Killed Wiggles's ghost
 57987 | D:12     | Reached skill level 1 in Translocations
 58163 | D:12     | Learned a level 6 spell: Statue Form
 58239 | Vaults:1 | Entered Level 1 of the Vaults
 58239 | Vaults:1 | Found Qiuret's Jewellery Boutique.
 58511 | Vaults:1 | Reached skill level 5 in Fire Magic
 60082 | Vaults:2 | Found Adic's Distillery.
 60116 | Vaults:2 | Found a staircase to the Crypt.
 60561 | Vaults:2 | Found Jenuxur's Weapon Shop.
 61234 | Vaults:2 | Found Sinicir's Armour Boutique.
 61240 | Vaults:2 | Got the Parchment of the Body
 61904 | Vaults:2 | Found Evapnok's Book Shop.
 61909 | Vaults:2 | Bought a manual of Armour for 1200 gold pieces
 61993 | Vaults:2 | Found Leuzaxeody's Jewellery Emporium.
 62549 | Vaults:3 | Noticed Frederick
 62554 | Vaults:3 | Killed Frederick
 63050 | Vaults:3 | Noticed Saint Roka
 63061 | Vaults:3 | Killed Saint Roka
 63225 | Vaults:3 | Reached XP level 21. HP: 182/182 MP: 44/45
 65787 | Depths:1 | Entered Level 1 of the Depths
 65850 | Depths:1 | Found a one-way gateway to a ziggurat.
 66143 | Depths:1 | Noticed a caustic shrike
 66144 | Depths:1 | Noticed a caustic shrike
 66148 | Depths:1 | Killed a caustic shrike
 66150 | Depths:1 | Killed a caustic shrike
 66151 | Depths:1 | Noticed a caustic shrike
 66155 | Depths:1 | Killed a caustic shrike
 66367 | Depths:1 | Found a gateway to Hell.
 66391 | Depths:1 | Noticed a caustic shrike
 66392 | Depths:1 | Noticed a caustic shrike
 66393 | Depths:1 | Noticed a caustic shrike
 66394 | Depths:1 | Noticed a caustic shrike
 66395 | Depths:1 | Noticed a caustic shrike
 66409 | Depths:1 | Killed a caustic shrike
 66409 | Depths:1 | Killed a caustic shrike
 66410 | Depths:1 | Killed a caustic shrike
 66413 | Depths:1 | Killed a caustic shrike
 66415 | Depths:1 | Killed a caustic shrike
 66442 | Depths:1 | Noticed a caustic shrike
 66445 | Depths:1 | Noticed a caustic shrike
 66447 | Depths:1 | Killed a caustic shrike
 66449 | Depths:1 | Killed a caustic shrike
 66450 | Depths:1 | Noticed a caustic shrike
 66460 | Depths:1 | Killed a caustic shrike
 66709 | Depths:1 | Reached skill level 15 in Fighting
 66714 | Depths:1 | Noticed a juggernaut
 66721 | Depths:1 | Killed a juggernaut
 66865 | Depths:1 | Acquired the +1 cloak "Pooxteurorph" {rC+ Str+8 Int-2
                  | Dex+3}
 67009 | Depths:1 | You fall into a shaft and drop 1 floor!
 67036 | Depths:2 | Noticed Bai Suzhen
 67040 | Depths:2 | Killed Bai Suzhen
 67419 | Depths:2 | Found a flickering gateway to a bazaar.
 67429 | Bazaar   | Entered a bazaar
 67443 | Bazaar   | Found Beedgh's Assorted Antiques.
 67443 | Bazaar   | Found Wehyura's Jewellery Emporium.
 67468 | Bazaar   | Found Otax's Book Shoppe.
 67468 | Bazaar   | Found Valin's General Store.
 67474 | Bazaar   | Bought a scroll of enchant armour for 90 gold pieces
 67551 | Bazaar   | Bought the ring "Gukeint" {Wiz rElec Str-2 Int+6 Dex-2} for
                  | 915 gold pieces
 67727 | Depths:2 | Noticed Sojobo
 67735 | Depths:2 | Reached XP level 22. HP: 192/192 MP: 17/46
 67742 | Depths:2 | Killed Sojobo
 67743 | Depths:2 | Reached skill level 10 in Transmutations
 67744 | Depths:2 | Reached skill level 10 in Necromancy
 68289 | Depths:1 | Identified the +1 dagger "Miusch" {freeze, Str+4}
 68820 | Depths:2 | Found a one-way gate leading to the halls of Pandemonium.
 68828 | Depths:2 | Acquired 760 gold pieces
 69149 | Depths:3 | Noticed Boris
 69155 | Depths:3 | Killed Boris
 69172 | Depths:3 | Noticed Xtahua
 69184 | Depths:3 | Killed Xtahua
 69593 | Depths:2 | Noticed a dread lich
 69599 | Depths:2 | Killed a dread lich
 69733 | Depths:2 | Identified the staff of air "Gism" {Drain *Slow +Blink
                  | rElec rF+++ Int+4}
 69767 | Depths:3 | Noticed a juggernaut
 69776 | Depths:3 | Killed a juggernaut
 69964 | Depths:3 | Identified the amulet "Saelag" {RegenMP rPois rC+ Dex-2}
 70035 | Depths:3 | Identified the staff of conjuration "Ocrea" {Drain Will+
                  | Str+2}
 70409 | Depths:3 | Identified the +0 plate armour "Eshit" {rN+ Will++}
 70503 | Depths:4 | Entered Level 4 of the Depths
 70513 | Depths:4 | Noticed a caustic shrike
 70513 | Depths:4 | Noticed a caustic shrike
 70517 | Depths:4 | Noticed a caustic shrike
 70690 | Depths:4 | Noticed a juggernaut
 70696 | Depths:4 | Killed a juggernaut
 70849 | Depths:4 | Found a magical portal.
 70854 | WizLab   | Entered Alistair's Party Mansion
 71053 | WizLab   | Acquired a +0 double sword of electrocution
 71236 | WizLab   | Identified the +8 bardiche of the Weasel {holy, rElec}
 71280 | Abyss:2  | Cast into level 2 of the Abyss (a deep elf sorcerer)
 71746 | WizLab   | Escaped the Abyss
 71755 | WizLab   | Reached XP level 23. HP: 129/201 MP: 33/47
 72013 | WizLab   | Acquired a +2 double sword of protection
 72560 | Orc:2    | Bought a Necronomicon for 952 gold pieces
 72569 | Orc:2    | Learned a level 8 spell: Necromutation
 72926 | Depths:4 | Found a runed translucent door.
 72929 | Depths:4 | Noticed Nuaducluc's ghost (veteran DEFE)
 72938 | Depths:4 | Killed Nuaducluc's ghost
 72939 | Depths:4 | Reached skill level 15 in Armour
 72972 | Depths:4 | Found a runed translucent door.
 72974 | Depths:4 | Noticed Dyni Soq's ghost (adept TrMo)
 72976 | Depths:4 | Identified the ring "Rogugik" {rF- MP+9 Str+6 Dex-4 SInv}
 73015 | Depths:4 | Killed Dyni Soq's ghost
 73101 | Depths:4 | Found a runed translucent door.
 73102 | Depths:4 | Noticed Susch's ghost (legendary MfGl)
 73105 | Depths:4 | Identified the ring "Wableh" {Str+6 Int+3}
 73113 | Depths:4 | Found the +5 scythe "Finisher" {speed, execute}
 73126 | Depths:4 | Killed Susch's ghost
 73274 | Depths:4 | Found a gate to the Realm of Zot.
 73734 | Depths:3 | Voluntarily entered the Abyss.
 74098 | Abyss:3  | Got an abyssal rune of Zot
 74128 | Depths:3 | Escaped the Abyss
 74281 | Crypt:1  | Entered Level 1 of the Crypt
 74917 | Crypt:1  | Acquired the +8 pearl dragon scales "Ulujot" {rN+ Regen+}
 75348 | Crypt:1  | Noticed Boris
 75359 | Crypt:1  | Killed Boris
 75502 | Crypt:1  | Reached skill level 15 in Necromancy
 76473 | Crypt:2  | Reached skill level 15 in Spellcasting
 76475 | Crypt:2  | Reached skill level 10 in Fire Magic
 77617 | Crypt:3  | Entered Level 3 of the Crypt
 78025 | Crypt:3  | Reached XP level 24. HP: 210/210 MP: 23/48
 78105 | Crypt:3  | Noticed a royal mummy
 78117 | Crypt:3  | Noticed Khufu
 78126 | Crypt:3  | Noticed a royal mummy
 78126 | Crypt:3  | Killed a royal mummy
 78720 | Crypt:3  | Killed a royal mummy
 78785 | Crypt:3  | Killed Khufu
 79091 | Crypt:3  | Found a staircase to the Tomb.
 79350 | Crypt:3  | Noticed a dread lich
 79355 | Crypt:3  | Killed a dread lich
 79421 | Crypt:3  | Identified the ring of the Bursting Traitor {*Slow rElec
                  | rN+ Will+ Str+2}
 79540 | Crypt:3  | Got Qias's Compendium of the Collective Squall
 79543 | Crypt:3  | Got the Papyrus of Diablerie
 79546 | Crypt:3  | Identified the ring "Daseejeps" {rN+ rCorr Int+2 Dex-5
                  | Slay+6}
 79546 | Crypt:3  | Identified the amulet of Doripuaf {Regen+ Dex+2}
 80110 | Crypt:3  | Learned a level 8 spell: Infestation
 80282 | Vaults:5 | Entered Level 5 of the Vaults
 80282 | Vaults:5 | Noticed a dread lich
 80292 | Vaults:5 | Killed a dread lich
 80306 | Vaults:5 | Identified the +10 broad axe "Synihal" {freeze, *Corrode
                  | rF+ rN+++ MP+9 Str-3}
 80312 | Vaults:5 | Identified the ring of the Raven {Drain Will+ EV+5 Str+2
                  | Int+2}
 80565 | Vaults:5 | Identified the ring of Dawn {Fire Dex+2}
 80682 | Vaults:5 | Identified the +10 flail of Popular Demand {freeze, Stlth+}
 80803 | Vaults:5 | Reached skill level 15 in Conjurations
 81018 | Vaults:5 | Found Qely's Antique Armour Shoppe.
 81107 | Vaults:5 | Reached XP level 25. HP: 209/212 MP: 30/49
 81813 | Vaults:5 | Got a silver rune of Zot
 82369 | Pan      | Entered Pandemonium
 82824 | Pan      | Identified the +4 arbalest of Gallantry {flame, Contam rC++
                  | rCorr Int+2}
 83390 | Pan      | Reached skill level 15 in Fire Magic
 83483 | Pan      | Noticed a seraph
 83493 | Pan      | Killed a seraph
 84174 | Pan      | Identified the +6 war axe of a ziggurat {vamp, rElec Int-2
                  | Dex+2 SInv}
 84178 | Pan      | Got a demonic rune of Zot
 84181 | Pan      | Identified the +9 trident of the Heavens {flame, rPois}
 84271 | Depths:2 | Escaped Pandemonium
 84273 | Pan      | Entered Pandemonium
 84668 | Pan      | Noticed Henk the pandemonium lord
 84674 | Pan      | Killed Henk the pandemonium lord
 85051 | Pan      | Learned a level 2 spell: Blink
 85335 | Pan      | Noticed Xyacsaw the pandemonium lord
 85342 | Pan      | Killed Xyacsaw the pandemonium lord
 85920 | Pan      | Reached XP level 26. HP: 162/224 MP: 23/50
 85971 | Pan      | Noticed Kiuck the pandemonium lord
 85976 | Pan      | Killed Kiuck the pandemonium lord
 86236 | Pan      | Entered the realm of Lom Lobon.
 86269 | Pan      | Noticed Lom Lobon
 86291 | Pan      | Killed Lom Lobon
 86479 | Pan      | Got a magical rune of Zot
 87298 | Depths:2 | Escaped Pandemonium
 87587 | Vaults:5 | Bought a faintly humming cloak for 418 gold pieces
 87587 | Vaults:5 | Identified the +1 cloak "Okiviv" {rElec rN+ rCorr Dex-5}
                  | (You bought it in a shop on level 5 of the Vaults)
 87587 | Vaults:5 | Bought a pair of shimmering gloves for 418 gold pieces
 87587 | Vaults:5 | Identified the +0 pair of gloves of Grace {Regen+} (You
                  | bought it in a shop on level 5 of the Vaults)
 87937 | Pan      | Entered Pandemonium
 88241 | Pan      | Noticed Buses the pandemonium lord
 88256 | Pan      | Killed Buses the pandemonium lord
 88984 | Pan      | Entered the realm of Gloorx Vloq.
 89032 | Pan      | Learned a level 9 spell: Fire Storm
 89127 | Pan      | Found an exit through the horrors of the Abyss.
 89536 | Pan      | Noticed Gloorx Vloq
 89698 | Pan      | Killed Gloorx Vloq
 89783 | Pan      | Got the Handbook of Geomancy
 89830 | Pan      | Got a dark rune of Zot
 90100 | Pan      | Entered the realm of Mnoleg.
 90555 | Pan      | Noticed Mnoleg
 90576 | Pan      | Killed Mnoleg
 91106 | Pan      | Reached XP level 27. HP: 231/231 MP: 19/50
 91209 | Pan      | Got a glowing rune of Zot
 91670 | Pan      | Entered the realm of Cerebov.
 91678 | Pan      | Identified the +0 robe of Vehumet's Hatred {Rampage}
 91681 | Pan      | Identified the ring "Qeasuow" {Fire rElec Will+ SInv}
 91691 | Pan      | Found the +6 sword of Cerebov {flame}
 91691 | Pan      | Noticed Cerebov
 91728 | Pan      | Killed Cerebov
 91757 | Pan      | Reached skill level 15 in Shields
 91780 | Pan      | Got a fiery rune of Zot
 91797 | Pan      | Learned a level 8 spell: Lehudib's Crystal Spear
 91799 | Pan      | Identified the +2 halberd of the Silly God {antimagic,
                  | Int+2}
 91846 | Pan      | Identified the +1 scale mail of the Ward {rPois rF+ Int+5
                  | Dex+3}
 91890 | Pan      | Identified the staff of conjuration "Nosaunk" {Will+}
 91893 | Pan      | Got the Monograph on Cankerous Flame
 92307 | Depths:2 | Escaped Pandemonium
 92672 | Orc:2    | Bought a potion of brilliance for 60 gold pieces
 92672 | Orc:2    | Bought a potion of haste for 150 gold pieces
 92672 | Orc:2    | Bought a potion of haste for 150 gold pieces
 92887 | D:10     | Bought a potion of heal wounds for 55 gold pieces
 92887 | D:10     | Bought a potion of heal wounds for 55 gold pieces
 93100 | Elf:2    | Bought a potion of heal wounds for 90 gold pieces
 93100 | Elf:2    | Bought a potion of haste for 180 gold pieces
 93100 | Elf:2    | Bought a potion of heal wounds for 90 gold pieces
 93100 | Elf:2    | Bought a potion of attraction for 54 gold pieces
 93100 | Elf:2    | Bought a potion of haste for 180 gold pieces
 93100 | Elf:2    | Bought a potion of haste for 180 gold pieces
 93100 | Elf:2    | Bought a potion of curing for 54 gold pieces
 93100 | Elf:2    | Bought a potion of curing for 54 gold pieces
 93100 | Elf:2    | Bought a potion of ambrosia for 144 gold pieces
 93169 | Orc:1    | Bought a potion of heal wounds for 150 gold pieces
 93169 | Orc:1    | Bought a potion of brilliance for 120 gold pieces
 93386 | Vaults:2 | Bought a potion of curing for 42 gold pieces
 93386 | Vaults:2 | Bought a potion of curing for 42 gold pieces
 93386 | Vaults:2 | Bought a potion of haste for 140 gold pieces
 93545 | Zot:1    | Entered Level 1 of the Realm of Zot
 93920 | Zot:1    | Acquired the +12 double sword "Qigifew" {flame, rC+}
 94142 | Vaults:1 | Bought a ring of flight for 315 gold pieces
 96636 | Zot:3    | Noticed Grunn
 96640 | Zot:3    | Killed Grunn
 96921 | Zot:3    | Identified the +1 great sword of Jueghyull {pain, *Corrode
                  | rElec Str+2 Stlth+}
 97082 | Zot:3    | Noticed an orb of fire
 97089 | Zot:3    | Killed an orb of fire
 97197 | Zot:3    | Acquired 569 gold pieces
 99254 | Hell     | Entered the Vestibule of Hell
 99254 | Hell     | Noticed Geryon
 99261 | Hell     | Killed Geryon
 99304 | Hell     | Noticed Murray
 99345 | Hell     | Killed Murray
 99637 | Hell     | Found a gateway to the freezing wastes of Cocytus.
 99783 | Hell     | Found a gateway to the Iron City of Dis.
 99900 | Hell     | Found a gateway to the decaying netherworld of Tartarus.
 99922 | Hell     | Found a gateway to the ashen valley of Gehenna.
100150 | Coc:1    | Entered Level 1 of Cocytus
101292 | Coc:4    | Paralysed by a wendigo for 1 turns
101294 | Coc:4    | Paralysed by a wendigo for 1 turns
101395 | Coc:4    | Paralysed by a wendigo for 1 turns
102143 | Coc:6    | Reached skill level 15 in Long Blades
102409 | Coc:7    | Entered Level 7 of Cocytus
102871 | Coc:7    | Paralysed by a wendigo for 1 turns
103037 | Coc:7    | Paralysed by a wendigo for 1 turns
103523 | Coc:7    | Paralysed by a wendigo for 1 turns
103704 | Coc:7    | Noticed Antaeus
103715 | Coc:7    | Killed Antaeus
103870 | Coc:7    | Got an icy rune of Zot
103875 | Coc:7    | Identified the +7 flail "Abyim" {spect, rF+++ Str+4 Dex-4}
104008 | Tar:1    | Entered Level 1 of Tartarus
106141 | Tar:7    | Entered Level 7 of Tartarus
106298 | Tar:7    | Learned a level 9 spell: Death's Door
107691 | Tar:7    | Identified the staff of death "Wudoefoz" {rN+ Int+9 Dex-5}
107694 | Tar:7    | Identified the +5 trident of Ipuyfe {venom, rC+ SInv}
108769 | Tar:7    | Noticed Ereshkigal
108775 | Tar:7    | Killed Ereshkigal
108838 | Tar:7    | Identified the ring of Ropses {Fly rF+ rC- MP+9}
108843 | Tar:7    | Identified the +1 long sword of Lazusch {flame, Fragile
                  | rPois Int-5 Dex+4}
108860 | Tar:7    | Got a bone rune of Zot
108867 | Tar:7    | Identified the +2 leather armour "Epixeh" {Regen+}
109241 | Geh:1    | Entered Level 1 of Gehenna
109853 | Geh:2    | You fall into a shaft and drop 1 floor!
111981 | Geh:7    | Entered Level 7 of Gehenna
112910 | Geh:7    | Reached skill level 15 in Earth Magic
113205 | Geh:7    | Identified the ring "Yleffuar" {Fire Fly rPois rN+ SInv}
113227 | Geh:7    | Found the +3 greatsling "Punk" {acid, rCorr}
113301 | Geh:7    | Identified the scarf of the Aged Mice {repulsion, Will++}
113385 | Geh:7    | Found the +13 sceptre of Asmodeus
113385 | Geh:7    | Noticed Asmodeus
113405 | Geh:7    | Killed Asmodeus
113473 | Geh:7    | Got an obsidian rune of Zot
113794 | Dis:1    | Entered Level 1 of the Iron City of Dis
114837 | Dis:5    | You fall into a shaft and drop 1 floor!
115027 | Dis:7    | Entered Level 7 of the Iron City of Dis
116335 | Dis:7    | Noticed the Serpent of Hell
116342 | Dis:7    | Killed the Serpent of Hell
116447 | Dis:7    | Noticed Dispater
116473 | Dis:7    | Killed Dispater
116630 | Dis:7    | Got an iron rune of Zot
116631 | Dis:7    | Identified the amulet of Atiatefi {Reflect Will+ SH+5}
116732 | Dis:7    | Identified the +11 short sword of the Spider Nest {spect,
                  | rN+ Will+ Int-4}
117330 | Dis:7    | Got Sif Muna's Annotations on Cunning Invitation
117339 | Dis:7    | Identified the +2 helmet of the Tundras {rElec rC+}
117358 | Dis:7    | Identified the +0 morningstar of the Shining Light {elec,
                  | Int+2}
117361 | Dis:7    | Identified the +1 plate armour of the Other Side {rElec
                  | Str-2 SInv}
117534 | Dis:7    | Learned a level 9 spell: Shatter
117817 | Tomb:1   | Entered Level 1 of the Tomb of the Ancients
118597 | Tomb:1   | Noticed Boris
118603 | Tomb:1   | Killed Boris
119909 | Tomb:3   | Entered Level 3 of the Tomb of the Ancients
120103 | Tomb:3   | Identified the amulet of Bacaar {RegenMP Dex+4}
120649 | Tomb:3   | Identified the amulet of Syndicalism {Acrobat +Blink rElec
                  | Int-4}
120652 | Tomb:3   | Identified the staff of cold "Plog" {rPois rC+ Str+5}
120655 | Tomb:3   | Identified the +1 buckler of Juikh {-Cast Harm Rampage rF-}
120657 | Tomb:3   | Identified the +1 helmet "Vucebokh" {rN+ Str+3 Dex-2
                  | Slay+5}
120697 | Tomb:3   | Got Jionk's Quarto of the Damaging Figure
120702 | Tomb:3   | Identified the staff of cold "Coucseve" {*Corrode rC+
                  | Will++ Int+3}
120792 | Tomb:3   | Got a golden rune of Zot
121599 | Zig:1    | Entered Level 1 of a ziggurat
121618 | Zig:2    | Entered Level 2 of a ziggurat
121657 | Zig:3    | Entered Level 3 of a ziggurat
121727 | Zig:3    | Identified the staff of death "Inusionk" {rElec rN+ Int+3}
121735 | Zig:4    | Entered Level 4 of a ziggurat
121777 | Zig:5    | Entered Level 5 of a ziggurat
121831 | Zig:6    | Entered Level 6 of a ziggurat
121841 | Zig:6    | Reached skill level 15 in Dodging
121895 | Zig:6    | Identified the staff of poison "Negoev" {Fragile rPois rC+
                  | Int+7 Stlth+}
121901 | Zig:7    | Entered Level 7 of a ziggurat
121907 | Zig:7    | Noticed a dread lich
121909 | Zig:7    | Killed a dread lich
122003 | Zig:8    | Entered Level 8 of a ziggurat
122009 | Zig:8    | Noticed a dread lich
122009 | Zig:8    | Noticed a dread lich
122010 | Zig:8    | Killed a dread lich
122012 | Zig:8    | Killed a dread lich
122013 | Zig:8    | Found the +7 great mace "Undeadhunter" {deathbane, rN+}
122074 | Zig:9    | Entered Level 9 of a ziggurat
122174 | Zig:9    | Identified the amulet "Poatturch" {Reflect Drain Will+
                  | Regen+ SH+5}
122176 | Zig:9    | Identified the +2 chain mail "Edwuz" {rN+}
122181 | Zig:10   | Entered Level 10 of a ziggurat
122298 | Zig:10   | Identified the amulet "Derovec" {Faith +Inv Int+3}
122306 | Zig:10   | Identified the staff of air "Josseime" {rElec rN++ Will+}
122307 | Zig:10   | Identified the +5 dagger "Fiskimea" {freeze, Str+2 Dex+3}
122311 | Zig:10   | Identified the +8 dagger of Misery {vamp, rPois Str+3}
122335 | Zig:11   | Entered Level 11 of a ziggurat
122429 | Zig:11   | Identified the +9 scimitar "Hellblazer" {heavy, Str+2}
122434 | Zig:12   | Entered Level 12 of a ziggurat
122442 | Zig:12   | Found the +3 Elemental Staff {rElec rF+ rC+ AC+3}
122444 | Zig:12   | Noticed a juggernaut
122445 | Zig:12   | Killed a juggernaut
122550 | Zig:12   | Identified the staff of poison "Daimp" {rPois rC+ Str+3}
122554 | Zig:13   | Entered Level 13 of a ziggurat
122655 | Zig:13   | Identified the staff of cold "Zuve" {rElec rC+ rCorr Str+3}
122661 | Zig:13   | Acquired the ring of Understanding {Fly Str+3 Slay+4}
122662 | Zig:13   | Acquired the amulet "Qoic" {Reflect Will+ rCorr Str+2 SH+5}
122663 | Zig:13   | Acquired the +8 orange crystal plate armour {Archmagi,
                  | Int+3 Clar}
122663 | Zig:13   | Found the +8 orange crystal plate armour {Archmagi, Int+3
                  | Clar}
122664 | Zig:13   | Acquired the +8 demon blade "Leech" {evervamp, Harm Drain
                  | rN+}
122664 | Zig:13   | Found the +8 demon blade "Leech" {evervamp, Harm Drain rN+}
122689 | Zig:14   | Entered Level 14 of a ziggurat
122735 | Zig:14   | Identified the +6 lajatang of the Nexus {heavy, Int+5}
122741 | Zig:14   | Identified the +5 short sword of Wealth {freeze, rPois rC+
                  | rCorr Dex-4}
122742 | Zig:14   | Identified the staff of air "Cuamois" {rElec rPois Dex+3
                  | Stlth+}
122761 | Zig:14   | Identified the +6 scale mail "Maateg" {rN++ Str+2 Int+3}
122845 | Zig:15   | Entered Level 15 of a ziggurat
122889 | Zig:15   | HP: 10/243 [cacodemon (5)]
122893 | Zig:15   | Noticed Uryfy the pandemonium lord
122907 | Zig:15   | Found the +3 pair of seven-league boots {Rampage+∞}
122919 | Zig:15   | Killed Uryfy the pandemonium lord
123109 | Zig:15   | Found the +4 Cigotuvi's embrace {Corpsefed rMiasma Drain
                  | rN+}
123133 | Zig:15   | Got the Book of the Cure and the Sixfirhy
123142 | Zig:15   | Identified the ring of Virtue {Ice rPois Will- Str+3 Int+3}
123152 | Zig:15   | Identified the +4 scale mail of the Saviour {rN+}
123158 | Zig:16   | Entered Level 16 of a ziggurat
123315 | Zig:16   | Identified the ring "Piorij Vengo" {Fire Str+3 Int+5}
123324 | Zig:17   | Entered Level 17 of a ziggurat
123443 | Zig:17   | Identified the staff of death "Urior" {rF+ rN+ Str-5 Int+3
                  | SInv}
123461 | Zig:18   | Entered Level 18 of a ziggurat
123521 | Zig:18   | Found the +12 pair of quick blades "Gyre" and "Gimble"
                  | {protect}
123532 | Zig:18   | Identified the +1 cloak of Youthful Indiscretion {*Corrode
                  | rC+ rN++ Regen+}
123656 | Zig:18   | Identified the staff of conjuration "Sifav" {rC+ Str+4}
123687 | Zig:18   | Identified the ring "Muguxa" {rN+ Int+2 Stlth+}
123730 | Zig:19   | Entered Level 19 of a ziggurat
123741 | Zig:19   | Noticed a dread lich
123743 | Zig:19   | Killed a dread lich
123844 | Zig:19   | Identified the staff of earth "Nurrema" {Drain +Blink rPois
                  | Stlth+}
123865 | Zig:20   | Entered Level 20 of a ziggurat
123875 | Zig:20   | Reached skill level 10 in Ice Magic
123939 | Zig:20   | Found the +7 captain's cutlass {speed, disarm}
123945 | Zig:20   | Identified the staff of earth "Cesul" {Str+3 Dex+4}
123948 | Zig:20   | Identified the ring "Geirch" {Fire Drain rN+ Str+3 Dex+5}
123967 | Zig:20   | Identified the ring "Pabaimm" {rElec AC+4 Str-5 SInv}
123973 | Zig:20   | Identified the amulet of Egucao {RegenMP rC+}
123998 | Zig:20   | Got the Quarto of Obstruction
124006 | Zig:20   | Identified the staff of earth "Tuomevim" {Str+4 Dex+6}
124007 | Zig:20   | Identified the +9 morningstar "Lonunlof" {flame, Int+4}
124008 | Zig:20   | Identified the +3 war axe of Hastryla {heavy, Drain +Blink
                  | rC+ Str+2}
124011 | Zig:20   | Identified the +5 ring mail of Odduymuc {Will+++}
124024 | Zig:21   | Entered Level 21 of a ziggurat
124146 | Zig:21   | Found the +10 zealot's sword {holy, Zealotry, *Rage rN+
                  | EV+3}
124153 | Zig:21   | Reached skill level 15 in Ice Magic
124168 | Zig:21   | Identified the +7 spear of Ziwioqiph {flame, rC+}
124199 | Zig:22   | Entered Level 22 of a ziggurat
124220 | Zig:22   | Reached skill level 5 in Short Blades
124241 | Zig:22   | Noticed Fusamp the pandemonium lord
124250 | Zig:22   | Killed Fusamp the pandemonium lord
124258 | Zig:22   | Found the +9 sword of Zonguldrok {reap}
124284 | Zig:22   | HP: 9/246 [Hell Sentinel/damnation (50)]
124390 | Zig:22   | Identified the ring "Xeifoufone" {rC+ Will+ Int-5 SInv}
124402 | Zig:22   | Got the Enchiridion on Incineration
124415 | Zig:22   | Learned a level 9 spell: Polar Vortex
124420 | Zig:22   | Identified the ring of Democracy {rElec rCorr Slay+3}
124436 | Zig:23   | Entered Level 23 of a ziggurat
124452 | Zig:23   | Noticed a juggernaut
124454 | Zig:23   | Noticed a juggernaut
124456 | Zig:23   | Noticed a juggernaut
124460 | Zig:23   | Killed a juggernaut
124461 | Zig:23   | Killed a juggernaut
124461 | Zig:23   | Noticed a juggernaut
124461 | Zig:23   | Noticed a juggernaut
124462 | Zig:23   | Killed a juggernaut
124462 | Zig:23   | Noticed a juggernaut
124466 | Zig:23   | Killed a juggernaut
124466 | Zig:23   | Killed a juggernaut
124467 | Zig:23   | Killed a juggernaut
124471 | Zig:23   | Noticed a juggernaut
124474 | Zig:23   | Noticed a juggernaut
124476 | Zig:23   | Killed a juggernaut
124480 | Zig:23   | Killed a juggernaut
124576 | Zig:23   | Found the +7 sceptre of Torment {pain, torment}
124583 | Zig:23   | Identified the ring "Ipsac" {rF+ rC- Str+4 Dex+3}
124587 | Zig:23   | Identified the +1 scimitar of the Blushing Gods {elec, rC+
                  | Dex+2}
124595 | Zig:23   | Identified the ring "Puastria" {rC+ Will+ MP+9 Dex+3
                  | Stlth-}
124610 | Zig:23   | Identified the +6 broad axe "Bung" {flame, Fly rElec Str+2
                  | Stlth+}
124658 | Zig:24   | Entered Level 24 of a ziggurat
124700 | Zig:24   | Noticed Jirchegyin the pandemonium lord
124706 | Zig:24   | Killed Jirchegyin the pandemonium lord
124804 | Zig:24   | Identified the ring "Pyskuoc" {rPois MP+9 Str-3 Int+6
                  | Dex-2}
124815 | Zig:24   | Identified the +4 rapier of Cituuzio {freeze, Fly}
124830 | Zig:25   | Entered Level 25 of a ziggurat
124919 | Zig:25   | Found the +8 autumn katana {manifold assault}
124928 | Zig:25   | Identified the +0 chain mail of the Mantidfly {Dex+2}
124929 | Zig:25   | Identified the +7 demon blade "Wozudas" {pain, *Rage Dex+9
                  | SInv}
124934 | Zig:25   | Identified the staff of poison "Ussec" {Fragile rPois
                  | Int+6}
124936 | Zig:25   | Identified the amulet of the Empire {rPois Regen+}
124950 | Zig:25   | Identified the +4 war axe of Pemycw {venom, rF+}
124956 | Zig:25   | Identified the staff of fire "Dihip" {rElec rF+ rC+ Int+3}
124974 | Zig:26   | Entered Level 26 of a ziggurat
124990 | Zig:26   | Noticed an ancient lich
124990 | Zig:26   | Noticed a dread lich
124990 | Zig:26   | Noticed an ancient lich
124990 | Zig:26   | Noticed a dread lich
124990 | Zig:26   | Noticed a dread lich
124992 | Zig:26   | Killed a dread lich
124994 | Zig:26   | Killed a dread lich
124994 | Zig:26   | Killed an ancient lich
124995 | Zig:26   | Killed a dread lich
124995 | Zig:26   | Killed an ancient lich
124995 | Zig:26   | Noticed a dread lich
124995 | Zig:26   | Noticed an ancient lich
125004 | Zig:26   | Killed an ancient lich
125006 | Zig:26   | Killed a dread lich
125088 | Zig:26   | Identified the ring "Cogruyteaz" {rN++ MP+9 Int+6 Dex-3
                  | SInv}
125100 | Zig:26   | Identified the ring "Caso" {Fly rN+ Will+ Int-4}
125112 | Zig:26   | Identified the amulet of the Doge {Reflect rElec Slay+3
                  | SH+5}
125121 | Zig:26   | Identified the ring "Tiptof" {rF++ Will+}
125123 | Zig:26   | Identified the +0 great sword of Bampoele {pain, rC+}
125127 | Zig:27   | Entered Level 27 of a ziggurat
125134 | Zig:27   | Noticed a juggernaut
125135 | Zig:27   | Noticed a juggernaut
125136 | Zig:27   | Noticed a juggernaut
125136 | Zig:27   | Noticed a juggernaut
125137 | Zig:27   | Noticed a juggernaut
125137 | Zig:27   | Noticed a juggernaut
125137 | Zig:27   | Noticed a juggernaut
125137 | Zig:27   | Noticed a juggernaut
125137 | Zig:27   | Noticed a juggernaut
125137 | Zig:27   | Noticed a juggernaut
125138 | Zig:27   | Noticed a juggernaut
125138 | Zig:27   | Noticed a juggernaut
125138 | Zig:27   | Killed a juggernaut
125138 | Zig:27   | Killed a juggernaut
125138 | Zig:27   | Noticed a juggernaut
125139 | Zig:27   | Killed a juggernaut
125139 | Zig:27   | Killed a juggernaut
125139 | Zig:27   | Killed a juggernaut
125139 | Zig:27   | Killed a juggernaut
125139 | Zig:27   | Killed a juggernaut
125139 | Zig:27   | Killed a juggernaut
125139 | Zig:27   | Killed a juggernaut
125140 | Zig:27   | Noticed a juggernaut
125140 | Zig:27   | Found the +8 Vampire's Tooth {megavamp}
125140 | Zig:27   | Killed a juggernaut
125140 | Zig:27   | Killed a juggernaut
125140 | Zig:27   | Killed a juggernaut
125141 | Zig:27   | Killed a juggernaut
125144 | Zig:27   | Killed a juggernaut
125212 | Zig:27   | Identified the +0 trident of Heopn {venom, Will+ rCorr
                  | Int+2}
125213 | Zig:27   | Identified the ring of Wu Jian's Castigation {Fire Fly
                  | Int+2 SInv}
125247 | Zig:27   | Identified the staff of conjuration "Rickew" {rElec rC+++
                  | Will- Str-3}
125249 | Zig:27   | Identified the staff of earth "Gymo" {Str+6 Int-4}
125261 | Zig:27   | Identified the +0 robe of Dalamet {rElec rF+ rC- Regen+
                  | Str+3}
125269 | Zig:27   | Identified the +5 scimitar "Ledung" {heavy, rElec Str-4
                  | Int+5}
125351 | Zig:1    | Entered Level 1 of a ziggurat
125391 | Zig:2    | Entered Level 2 of a ziggurat
125415 | Zig:3    | Entered Level 3 of a ziggurat
125480 | Zig:4    | Entered Level 4 of a ziggurat
125533 | Zig:5    | Entered Level 5 of a ziggurat
125635 | Zig:5    | Identified the +2 plate armour "Jeoroom" {rElec rF+ Int-2
                  | Dex+3}
125645 | Zig:6    | Entered Level 6 of a ziggurat
125649 | Zig:6    | Noticed an ancient lich
125649 | Zig:6    | Noticed an ancient lich
125652 | Zig:6    | Killed an ancient lich
125652 | Zig:6    | Killed an ancient lich
125751 | Zig:7    | Entered Level 7 of a ziggurat
125757 | Zig:7    | Noticed a dread lich
125758 | Zig:7    | Noticed an ancient lich
125759 | Zig:7    | Noticed an ancient lich
125760 | Zig:7    | Killed an ancient lich
125760 | Zig:7    | Killed an ancient lich
125760 | Zig:7    | Killed a dread lich
125836 | Zig:8    | Entered Level 8 of a ziggurat
125982 | Zig:8    | Identified the +0 ring mail "Qanawnie" {Will+ Dex+3}
125991 | Zig:8    | Acquired 370 gold pieces
125996 | Zig:9    | Entered Level 9 of a ziggurat
126052 | Zig:10   | Entered Level 10 of a ziggurat
126062 | Zig:10   | Noticed Coqaeg the pandemonium lord
126065 | Zig:10   | Killed Coqaeg the pandemonium lord
126120 | Zig:10   | Identified the staff of conjuration "Ilont" {rN+ rCorr
                  | Str-2 SInv}
126126 | Zig:10   | Identified the +6 flail of Siaskioq {vamp, rPois rF+
                  | Will++}
126127 | Zig:10   | Identified the staff of cold "Danucsau" {rPois rC+}
126132 | Zig:11   | Entered Level 11 of a ziggurat
126234 | Zig:11   | Identified the staff of conjuration "Niblisan" {Will- Str+5
                  | Int+3}
126238 | Zig:12   | Entered Level 12 of a ziggurat
126246 | Zig:12   | Noticed a juggernaut
126249 | Zig:12   | Killed a juggernaut
126290 | Zig:12   | Identified the amulet "Horafyar" {RegenMP rCorr Int+3}
126304 | Zig:12   | Identified the +0 kite shield of the Tuna {rF+ rCorr Str+7
                  | Int-2}
126305 | Zig:12   | Identified the +10 morningstar of Glory {freeze, Fly}
126464 | Zig:13   | Entered Level 13 of a ziggurat
126477 | Zig:13   | Found the +7 great mace "Firestarter" {flame, immolate,
                  | rFlCloud rF++}
126558 | Zig:14   | Entered Level 14 of a ziggurat
126572 | Zig:14   | Noticed a juggernaut
126572 | Zig:14   | Found the +1 cloak of Starlight {*Dazzle EV+4 Stlth--}
126573 | Zig:14   | Killed a juggernaut
126610 | Zig:14   | Identified the staff of poison "Zomus" {rPois Stlth+}
126613 | Zig:14   | Identified the staff of death "Jymoson" {rN+ Str+6}
126615 | Zig:14   | Identified the +2 helmet of Existentialism {Harm *Corrode
                  | Str-4 Slay+6}
126634 | Zig:15   | Entered Level 15 of a ziggurat
126641 | Zig:15   | Noticed an orb of fire
126643 | Zig:15   | Noticed an orb of fire
126643 | Zig:15   | Noticed an orb of fire
126643 | Zig:15   | Noticed an orb of fire
126643 | Zig:15   | Noticed an orb of fire
126645 | Zig:15   | Killed an orb of fire
126646 | Zig:15   | Killed an orb of fire
126647 | Zig:15   | Killed an orb of fire
126648 | Zig:15   | Reached skill level 27 in Armour
126652 | Zig:15   | Killed an orb of fire
126652 | Zig:15   | Killed an orb of fire
126728 | Zig:15   | Identified the +9 great sword of Wu Jian's Reproof {heavy,
                  | rC+ Will+ Int+2}
126768 | Zig:16   | Entered Level 16 of a ziggurat
126893 | Zig:16   | Found the +5 Storm Queen's Shield {shock, Fly rElec}
126901 | Zig:16   | Identified the ring of Hixirr {rN+ Str+3 Int+3}
126967 | Zig:17   | Entered Level 17 of a ziggurat
127050 | Zig:17   | Identified the amulet "Bungacid" {rF++ Regen+ Int+4 Slay-2}
127198 | Zig:17   | Identified the +3 robe of the Endless Expanse {Str+3
                  | Slay+2}
127209 | Zig:18   | Entered Level 18 of a ziggurat
127224 | Zig:18   | Found the macabre finger necklace {Finger+ rN+}
127264 | Zig:18   | Identified the ring "Ceon" {Fire Str+2}
127268 | Zig:18   | Identified the staff of earth "Faesem" {Str+3 Dex-2}
127269 | Zig:18   | Identified the +9 rapier of Hasumaic {spect, Will+ Str+3}
127284 | Zig:18   | Identified the staff of poison "Virat" {rPois Int+3}
127346 | Zig:19   | Entered Level 19 of a ziggurat
127358 | Zig:19   | Paralysed by an air elemental for 1 turns
127610 | Zig:20   | Entered Level 20 of a ziggurat
127625 | Zig:20   | Noticed Wasoxtui the pandemonium lord
127626 | Zig:20   | Noticed Pujasepai the pandemonium lord
127628 | Zig:20   | Noticed Mumiwib the pandemonium lord
127630 | Zig:20   | Noticed Wopiopn the pandemonium lord
127630 | Zig:20   | Noticed Luozefics the pandemonium lord
127630 | Zig:20   | Killed Pujasepai the pandemonium lord
127631 | Zig:20   | Killed Wasoxtui the pandemonium lord
127631 | Zig:20   | Noticed Futon the pandemonium lord
127631 | Zig:20   | Noticed Juenalesm the pandemonium lord
127632 | Zig:20   | Noticed Soawef the pandemonium lord
127632 | Zig:20   | Noticed Zacirot the pandemonium lord
127633 | Zig:20   | Killed Wopiopn the pandemonium lord
127637 | Zig:20   | Killed Mumiwib the pandemonium lord
127638 | Zig:20   | Killed Luozefics the pandemonium lord
127640 | Zig:20   | Noticed Inodablu the pandemonium lord
127640 | Zig:20   | Noticed Hoquneepp the pandemonium lord
127640 | Zig:20   | Killed Juenalesm the pandemonium lord
127640 | Zig:20   | Killed Futon the pandemonium lord
127640 | Zig:20   | Killed Soawef the pandemonium lord
127658 | Zig:20   | Noticed Rezxegou the pandemonium lord
127659 | Zig:20   | Killed Zacirot the pandemonium lord
127659 | Zig:20   | Killed Inodablu the pandemonium lord
127692 | Zig:20   | Killed Hoquneepp the pandemonium lord
127694 | Zig:20   | Killed Rezxegou the pandemonium lord
127705 | Zig:20   | Noticed Rusin the pandemonium lord
127706 | Zig:20   | Noticed Lyossusu the pandemonium lord
127715 | Zig:20   | Killed Rusin the pandemonium lord
127717 | Zig:20   | Killed Lyossusu the pandemonium lord
127859 | Zig:20   | Identified the staff of air "Zixtiuru" {rElec rF+ Int+2}
127868 | Zig:20   | Identified the +1 mace of Doom {holy, Will+ Str+3 Dex-2}
127875 | Zig:20   | Identified the staff of cold "Qan Ran" {rElec rC+ MP+9
                  | Str+4 Stlth+}
127878 | Zig:20   | Identified the +5 ring mail of Salvation {rN+}
127881 | Zig:20   | Identified the staff of fire "Nyuskee" {rElec rF+ rCorr
                  | Str+5 Dex-2}
127888 | Zig:21   | Entered Level 21 of a ziggurat
127902 | Zig:21   | Noticed a dread lich
127902 | Zig:21   | Noticed a dread lich
127902 | Zig:21   | Noticed an ancient lich
127902 | Zig:21   | Noticed an ancient lich
127902 | Zig:21   | Noticed an ancient lich
127902 | Zig:21   | Noticed a dread lich
127904 | Zig:21   | Killed a dread lich
127904 | Zig:21   | Noticed a dread lich
127905 | Zig:21   | Killed an ancient lich
127905 | Zig:21   | Killed a dread lich
127905 | Zig:21   | Killed an ancient lich
127906 | Zig:21   | Killed a dread lich
127906 | Zig:21   | Killed a dread lich
127913 | Zig:21   | Killed an ancient lich
127917 | Zig:21   | Noticed an ancient lich
127917 | Zig:21   | Noticed an ancient lich
127927 | Zig:21   | Killed an ancient lich
127927 | Zig:21   | Killed an ancient lich
128051 | Zig:21   | Identified the amulet of Xebbe {RegenMP Will+ Slay+3 SInv}
128095 | Zig:22   | Entered Level 22 of a ziggurat
128121 | Zig:22   | Noticed an ancient lich
128124 | Zig:22   | Noticed an ancient lich
128130 | Zig:22   | Killed an ancient lich
128130 | Zig:22   | Noticed an ancient lich
128131 | Zig:22   | Killed an ancient lich
128132 | Zig:22   | Killed an ancient lich
128132 | Zig:22   | Noticed a dread lich
128133 | Zig:22   | Killed a dread lich
128134 | Zig:22   | Noticed an ancient lich
128137 | Zig:22   | Noticed a dread lich
128138 | Zig:22   | Noticed a dread lich
128139 | Zig:22   | Killed an ancient lich
128139 | Zig:22   | Killed a dread lich
128140 | Zig:22   | Killed a dread lich
128218 | Zig:22   | Found the +3 robe of Clouds {*Thunder rCloud rElec}
128226 | Zig:22   | Acquired 1079 gold pieces
128232 | Zig:22   | Identified the amulet of Ledufual {Faith Int+2}
128246 | Zig:22   | Identified the +3 hand axe of Qiunoal {flame, rPois Str+2
                  | Dex-2}
128260 | Zig:22   | Identified the ring of Foolhardiness {rC+ Will- Dex+3}
128272 | Zig:22   | Identified the staff of air "Upnoezxe" {rElec Int+3}
128283 | Zig:23   | Entered Level 23 of a ziggurat
128461 | Zig:23   | Identified the ring of Generosity {Drain rPois Will- Str+6
                  | Dex+8}
128477 | Zig:23   | Identified the staff of earth "Xaficom" {rF+}
128482 | Zig:24   | Entered Level 24 of a ziggurat
128594 | Zig:24   | Found the +8 Wrath of Trog {antimagic, *Rage Rampage}
128594 | Zig:24   | Found the +27 heavy crossbow "Sniper" {heavy, Acc+∞ SInv}
128597 | Zig:24   | Found the +9 sword of Power {lifebolt}
128601 | Zig:24   | Identified the staff of earth "Nufaaxif" {Str+3}
128602 | Zig:24   | Identified the amulet "Lasmasem" {Faith rPois rF+ Dex+5}
128612 | Zig:24   | Identified the ring of Fiomn {Wiz Int+3}
128619 | Zig:24   | Identified the +1 ring mail of Agoraphobia {Str+4}
128671 | Zig:25   | Entered Level 25 of a ziggurat
128688 | Zig:25   | Reached skill level 1 in Throwing
128777 | Zig:25   | Identified the +7 mace "Rovyipp" {venom, Int+3 Dex+3}
128785 | Zig:25   | Identified the +1 pair of boots of the Flute {Str+4 Dex-4}
128786 | Zig:25   | Identified the staff of earth "Extosm" {rF+}
128800 | Zig:25   | Identified the +5 sling "Concordance" {freeze, Contam
                  | Dex+5}
128817 | Zig:26   | Entered Level 26 of a ziggurat
128837 | Zig:26   | Noticed a juggernaut
128838 | Zig:26   | Reached skill level 10 in Throwing
128841 | Zig:26   | Killed a juggernaut
128842 | Zig:26   | Found the +5 Lochaber axe {reach-cleave, Poleaxe Drain}
128910 | Zig:27   | Entered Level 27 of a ziggurat
129034 | Zig:27   | Found the +8 whip "Snakebite" {venom, curare, rPois}
129048 | Zig:27   | Identified the staff of poison "Dineonosoe" {rPois Str+6}
129054 | Zig:27   | Identified the ring of the Salmon {rN+ Int+3 SInv Stlth+}
129065 | Zig:27   | Identified the +1 robe of Compression {rPois rN++ Str+3
                  | Stlth-}
129253 | Zot:5    | Entered Level 5 of the Realm of Zot
129961 | Zot:5    | Noticed an orb of fire
129962 | Zot:5    | Noticed an orb of fire
129962 | Zot:5    | Noticed an orb of fire
129962 | Zot:5    | Noticed an ancient lich
129963 | Zot:5    | Noticed an orb of fire
129966 | Zot:5    | Reached skill level 27 in Fighting
129966 | Zot:5    | Killed an orb of fire
129969 | Zot:5    | Noticed a dread lich
129975 | Zot:5    | Noticed an orb of fire
129978 | Zot:5    | Noticed an orb of fire
129982 | Zot:5    | Noticed an ancient lich
129983 | Zot:5    | Killed an ancient lich
129992 | Zot:5    | Noticed an ancient lich
129998 | Zot:5    | Noticed an ancient lich
129999 | Zot:5    | Noticed an orb of fire
130001 | Zot:5    | Killed an ancient lich
130001 | Zot:5    | Noticed an orb of fire
130002 | Zot:5    | Killed an ancient lich
130010 | Zot:5    | Killed an orb of fire
130013 | Zot:5    | Killed an orb of fire
130014 | Zot:5    | Killed an orb of fire
130016 | Zot:5    | Noticed an orb of fire
130064 | Zot:5    | Killed an orb of fire
130132 | Zot:5    | Killed an orb of fire
130147 | Zot:5    | Killed an ancient lich
130153 | Zot:5    | Killed an orb of fire
130156 | Zot:5    | Noticed an ancient lich
130165 | Zot:5    | Killed a dread lich
130168 | Zot:5    | Killed an ancient lich
130169 | Zot:5    | Killed an orb of fire
130171 | Zot:5    | Killed an orb of fire
130298 | Zot:5    | Got the Orb of Zot
130328 | Zot:5    | Noticed Kutuman the pandemonium lord
130331 | Zot:5    | Killed Kutuman the pandemonium lord
130464 | Depths:4 | Noticed a seraph
130467 | Depths:4 | Killed a seraph
130471 | Depths:4 | Noticed a seraph
130475 | Depths:4 | Killed a seraph
130639 | D:12     | Noticed Wiych the pandemonium lord
130641 | D:12     | Killed Wiych the pandemonium lord
130678 | D:11     | Noticed Pamoth the pandemonium lord
130680 | D:11     | Killed Pamoth the pandemonium lord
130893 | D:1      | Noticed Ysam the pandemonium lord
130897 | D:1      | Killed Ysam the pandemonium lord
130948 | D:$      | Escaped with the Orb!

Illustrated notes

Levels and vault maps discovered:
D:1:      lightli_arrival_flooded_house, layout_rooms, minmay_crystal_water,
          chequers_serial_rivers_room_a
D:2:      layout_rooms, st_stairs_8, nicolae_kite_square_tiling_tiny
D:3:      layout_loops_ring, nzn_hepliaklqana_mist_gate
D:4:      layout_loops_ring, kennysheep_little_box, kennysheep_potato
D:5:      kennysheep_steamy, layout_basic, minmay_temple_entry_statues_pillars,
          enter_ossuary_1
D:6:      layout_loops_ring, hellmonk_no_cap, uniq_blork_the_orc,
          uniq_prince_ribbit1, uniq_eustachio
D:7:      layout_rooms, minmay_misc_feat_plants, uniq_pikel
D:8:      layout_layer_cave, mainiacjoe_overflow_boulevard,
          gammafunk_ghost_grave, hangedman_decor_diamond_cutter
D:9:      layout_loops_cross, orc_0_dummy, dk_noncrumbling_4, uniq_erolcha
D:10:     layout_basic, lair_entry_dummy, serial_shops, nicolae_square_shop,
          uniq_maggie, uniq_joseph
D:11:     minmay_the_grid_3x3 [minmay_the_grid_expand, minmay_the_grid_fan,
          minmay_the_grid_holed_spiral, minmay_the_grid_stretched_grid,
          minmay_the_grid_mess, minmay_the_grid_outer_diamond,
          minmay_the_grid_gridbox, minmay_the_grid_broken_lines,
          minmay_the_grid_prize_diamond_cup], layout_loops_ring,
          gauntlet_entry_generic
D:12:     layout_cave_pods, gammafunk_ghost_abyssal_escape
D:13:     layout_rooms, enter_trove_2, serial_shops, shop, uniq_josephine,
          uniq_frances
D:14:     layout_rooms, david_vaults_1, chequers_mini_garden, slow_altar_1,
          uniq_rupert
D:15:     grunt_enter_depths_magical_seal, layout_loops_ring,
          dreamdust_princess_corridor, evilmike_ruin_ashenzari
Lair:1:   layout_big_grid, st_stairs_12, grunt_megastairs_4, uniq_erica
Lair:2:   layout_roguey, minmay_snake_entry_six_corridors,
          ebering_ghost_funeral_grove, nicolae_quartered_pool_impasse,
          lemuel_fruit_tree
Lair:3:   layout_cave_pods, skrybe_swamp_entry_bodies,
          infiniplex_staircase_pool_2, grunt_megastairs_2
Lair:4:   layout_roguey, fungi_pond_lemuel, chequers_serial_rivers_room_a,
          roderic_carrion_pond
Lair:5:   hellmonk_lair_end_abyssal_woods, layout_hall_layers, slime_entry_1,
          grunt_megastairs_1
Swamp:1:  layout_basic_swamp, lemuel_altar_in_water
Swamp:2:  layout_basic_swamp, nicolae_swamp_bean_lake, uniq_nikola, uniq_louise,
          uniq_mlioglotl
Swamp:3:  nicolae_swamp_secret_spriggan_hideout, layout_basic_swamp,
          gammafunk_ghost_berserking_beasts, hangedman_swamp_diagram
Swamp:4:  swamp_old_school, layout_basic_swamp, swamp_pool5
Snake:1:  layout_chambers, serial_shops, nicolae_shop_tiny_glass, uniq_roxanne
Snake:2:  layout_gridlike
Snake:3:  layout_cave_town, nicolae_snake_ghostly_warrior_ritual
Snake:4:  grunt_snake_rune_pools, layout_cave_town,
          nicolae_snake_salamander_zone
Slime:1:  layout_caves
Slime:2:  layout_caves
Slime:3:  layout_caves, basic_altar
Slime:4:  layout_caves
Slime:5
Orc:1:    layout_diamond_mine, serial_shops, nicolae_shop_trees,
          portal_ice_cave_demonic_guard, hellmonk_bongcloud_opening,
          mines4_lemuel, uniq_jorgrun
Orc:2:    st_orc_pillars, layout_caves, serial_shops,
          nicolae_shop_tiny_statue_garden, minmay_orc_temple_c, uniq_sonja
Elf:1:    minmay_elf_arrival_plus, layout_loops_cross, hangedman_elf_represent
Elf:2:    nicolae_elf_blades_splatter_lattice [infiniplex_blade_entry_pillars],
          layout_gridlike, serial_shops, shop_fountains, nicolae_rare_books,
          serial_nicolae_subway, nicolae_sub_station_crystal,
          nicolae_sub_station_stone, nicolae_sub_station_metal
Elf:3:    minmay_elf_hall_curves, layout_geoelf_diagonals, serial_glass,
          glass_columns_b, glass_columns_a
Vaults:1: nicolae_vaults_circle_grid_b, nicolae_vaults_storage_closets_1,
          nicolae_vaults_triangles, dpeg_vaults_monster_box, vaults_room_pool,
          nicolae_vaults_asterisk, layout_vaults_chaotic_city, serial_shops,
          nicolae_shop_hallway_plus
Vaults:2: nicolae_vaults_little_squares_6, minmay_crypt_entry_simple_sparse,
          v_misc_19, v_misc_33, vaults_room_door_ring, vaults_dpeg_encased_lava,
          hangedman_vaults_corner, vaults_room_glass_cross, v_rooms_4,
          nicolae_vaults_trapezoid_1, v_misc_15, grunt_vaults_hallway_long,
          nicolae_vaults_gold_heap, nicolae_vaults_tetromino_L_2,
          layout_vaults_omnibox, serial_shops, shop, shop, shop, shop,
          nicolae_shop_gaudy_bauble, uniq_margery
Vaults:3: nicolae_vaults_network_star, nicolae_vaults_trapezoid_lopsided_1,
          v_pattern_4, nicolae_vaults_specimen_jars,
          ontoclasm_vaults_claustrophobia, ontoclasm_vaults_idyll,
          nicolae_vaults_surprise_closet, vaults_dpeg_ring,
          nicolae_vaults_trapezoid_lopsided_4, nicolae_vaults_alarming,
          layout_vaults_omnicross, uniq_frederick, uniq_saint_roka
Vaults:4: nicolae_vaults_sesquioval_fish, hangedman_vaults_river_flow,
          vaults_mumra_chevron, nicolae_vaults_heist, v_pattern_2,
          nicolae_vaults_closet_pinwheel_3, nicolae_vaults_network_barrier,
          nicolae_vaults_little_squares_6, vaults_room_pools,
          vaults_mumra_chevron_long, nicolae_vaults_asterisk, st_spiral_rooms,
          nicolae_vaults_rhombus_6, layout_vaults_maze_bifur
Vaults:5
Crypt:1:  grunt_deathspiral_small, layout_regular_city, hex_tiny
Crypt:2:  layout_gridlike
Crypt:3:  church_of_pain_bobbens, layout_chaotic_city,
          nicolae_tomb_entry_grand_gallery, st_stairs_13, uniq_khufu
Tomb:1
Tomb:2
Tomb:3
Depths:1: grunt_arcs, layout_cave_shapes, enter_ziggurat_f, hell_entry,
          serial_bayou_lagoon_a, kennysheep_doodads, okawaru_gym_becter
Depths:2: minmay_skeletal_surprise, layout_basic, serial_shops, bzr_entry_gold,
          grunt_pan_entry_sceptre, hangedman_geh_valley,
          lemuel_coloured_pillars_altar, uniq_bai_suzhen, uniq_sojobo
Depths:3: minmay_expanding_squares, layout_basic, abyss_entry,
          minmay_misc_feat_four_crosses, lightli_too_deep, serial_bayou_shore_a,
          hangedman_decor_cross_pass, infiniplex_staircase_pool_lava,
          uniq_xtahua, uniq_boris
Depths:4: evilmike_zot_entry_basic, layout_cave_pools, hell_entry,
          infiniplex_enter_wizlab_spiral, muffindrake_ghost_three_little_ghosts,
          minmay_misc_feat_ornament, chequers_serial_rivers_room_b
Hell
Dis:1:    layout_subdivisions, minmay_strange_pillars
Dis:2:    layout_gridville
Dis:3:    layout_subdivisions, nicolae_dis_grated_feature
Dis:4:    layout_gridville
Dis:5:    layout_gridville, lemuel_mystery_crypt
Dis:6:    layout_gridville
Dis:7:    iron_city_of_dis [dis_old, dis_wall_8], layout_gridville
Geh:1:    layout_gehenna_lava_caves
Geh:2:    layout_gehenna_lava_caves
Geh:3:    nicolae_geh_tyrants_menagerie, layout_gehenna_lava_caves
Geh:4:    layout_gehenna_pools_triple
Geh:5:    layout_gehenna_pools_triple
Geh:6:    layout_gehenna_pools_box
Geh:7:    geh_old
Coc:1:    layout_cocytus_delve
Coc:2:    layout_cocytus_water_paths
Coc:3:    layout_ice_bergs
Coc:4:    layout_ice_bergs
Coc:5:    layout_ice_bergs
Coc:6:    nicolae_coc_icebeans_plural [nicolae_sub_coc_subbean,
          nicolae_sub_coc_subbean, nicolae_sub_coc_subbean,
          nicolae_sub_coc_subbean], layout_ice_bergs
Coc:7:    coc_grunt
Tar:1:    layout_grid_maze
Tar:2:    layout_cathedral_of_symmetry
Tar:3:    layout_cathedral_of_symmetry, nicolae_tar_combstack
Tar:4:    layout_cathedral_of_symmetry
Tar:5:    layout_cathedral_of_symmetry
Tar:6:    layout_grid_maze
Tar:7:    tar_minmay_river
Zot:1:    circus_mu, layout_cathedral_of_symmetry
Zot:2:    kennysheep_blocky_hall, layout_misc_corridors
Zot:3:    layout_twisted_circle, nicolae_lava_and_water, uniq_grunn
Zot:4:    layout_concentric_octagons, skrybe_zot_glass_1
Zot:5:    layout_misc_corridors

Skill      XL: |  1  2  3  4  5  6  7  8  9 10 11 12 13 14 15 16 17 18 19 20 21 22 23 24 25 26 27 |
---------------+----------------------------------------------------------------------------------+-----
Stealth        | 2 4 5 6 |  6.0
Dodging        | 2 3 4 5 6 7 8 9 10 11 26 | 26.0
Spellcasting   | 2 3 4 5 6 7 8 9 10 11 12 14 15 17 24 | 24.0
Earth Magic    | 3 4 5 6 7 9 10 11 23 | 23.0
Fighting       | 1 2 4 5 6 8 9 10 11 13 14 15 16 27 | 27.0
Conjurations   | 1 2 3 4 5 6 7 8 10 12 13 14 15 17 19 23 | 23.0
Summonings     | 3 5 7 8 9 10 11 13 14 | 14.0
Air Magic      | 3 5 7 8 9 |  9.0
Shields        | 3 7 10 11 12 13 14 26 | 26.9
Armour         | 2 4 5 6 7 8 9 10 11 13 14 15 27 | 27.0
Polearms       | 1 |  1.3
Long Blades    | 1 5 7 8 9 10 11 12 16 | 16.0
Ice Magic      | 3 5 6 23 | 23.0
Transmutations | 1 3 4 5 6 7 9 12 13 14 | 14.0
Necromancy     | 2 4 5 6 7 9 12 17 18 23 | 23.1
Fire Magic     | 4 6 8 10 14 16 18 23 | 23.0
Translocations | 2 |  2.0
Short Blades   | 9 |  9.7
Throwing       | 12 | 12.6

Action                     |  1- 3 |  4- 6 |  7- 9 | 10-12 | 13-15 | 16-18 | 19-21 | 22-24 | 25-27 || total
---------------------------+-------+-------+-------+-------+-------+-------+-------+-------+-------++-------
  Melee: Flail             |       |    10 |    39 |     1 |       |       |       |       |       ||    50
         Rapier            |       |       |     5 |    43 |       |       |       |       |       ||    48
         Spear             |       |       |     1 |       |       |       |       |       |       ||     1
         Scimitar          |       |       |       |    55 |    84 |    33 |     7 |   110 |   238 ||   527
         Mace              |       |       |       |     2 |       |     4 |       |       |       ||     6
         Punch             |       |       |       |     1 |       |       |       |       |       ||     1
         Lance             |       |       |       |    25 |    87 |     5 |       |       |       ||   117
         Trident           |       |       |       |    14 |       |       |       |       |       ||    14
         Bo                |       |       |       |       |       |       |     5 |       |     6 ||    11
         Double sword      |       |       |       |       |       |       |       |    46 |   528 ||   574
         Eudemon blade     |       |       |       |       |       |       |       |       |   111 ||   111
         Staff             |       |       |       |       |       |       |       |       |    73 ||    73
         Demon blade       |       |       |       |       |       |       |       |       |    18 ||    18
         Cutlass           |       |       |       |       |       |       |       |       |     7 ||     7
  Throw: Dart              |       |       |       |       |     1 |       |       |       |       ||     1
   Cast: Sandblast         |    69 |    96 |     5 |       |       |       |       |       |       ||   170
         Stone Arrow       |       |    13 |    93 |   144 |   583 |    39 |       |       |       ||   872
         Summon Lightning  |       |       |     8 |    64 |   101 |    14 |       |       |       ||   187
         Call Canine Famil |       |       |     2 |    22 |    36 |     6 |     3 |       |       ||    69
         Freezing Cloud    |       |       |       |       |    49 |    86 |    19 |       |       ||   154
         Sublimation of Bl |       |       |       |       |     4 |    59 |   147 |   143 |   427 ||   780
         Irradiate         |       |       |       |       |    13 |    36 |    23 |    29 |    28 ||   129
         Iron Shot         |       |       |       |       |    30 |   259 |   341 |   406 |   356 ||  1392
         Borgnjor's Vile C |       |       |       |       |       |   149 |   145 |   219 |   651 ||  1164
         Spellforged Servi |       |       |       |       |       |    66 |    73 |    49 |   299 ||   487
         Starburst         |       |       |       |       |       |       |    22 |    33 |     5 ||    60
         Plasma Beam       |       |       |       |       |       |       |   175 |   143 |   314 ||   632
         Statue Form       |       |       |       |       |       |       |     2 |       |       ||     2
         Passage of Golubr |       |       |       |       |       |       |     3 |     3 |       ||     6
         Necromutation     |       |       |       |       |       |       |       |    81 |   560 ||   641
         Infestation       |       |       |       |       |       |       |       |     3 |    31 ||    34
         Fire Storm        |       |       |       |       |       |       |       |       |   254 ||   254
         Lehudib's Crystal |       |       |       |       |       |       |       |       |   534 ||   534
         Shatter           |       |       |       |       |       |       |       |       |   293 ||   293
         Polar Vortex      |       |       |       |       |       |       |       |       |    53 ||    53
         Blink             |       |       |       |       |       |       |       |       |     6 ||     6
         Death's Door      |       |       |       |       |       |       |       |       |     4 ||     4
Ability: End Transformatio |       |       |       |       |       |       |     2 |    31 |   208 ||   241
  Evoke: Wand              |       |       |       |       |       |       |     1 |       |     4 ||     5
         Figurine of a zig |       |       |       |       |       |       |       |       |     1 ||     1
    Use: Scroll            |       |     5 |     3 |    18 |    13 |    15 |    11 |    25 |    85 ||   175
         Potion            |       |     1 |       |     2 |     7 |     8 |     6 |    14 |    83 ||   121
   Stab: Distracted        |       |       |       |     6 |     1 |     1 |       |       |    12 ||    20
         Invisible         |       |       |       |       |       |       |       |       |     7 ||     7
 Armour: Robe              |     9 |    14 |    34 |    61 |    74 |    35 |    34 |    39 |       ||   300
         Skin              |       |       |       |       |     2 |       |       |       |       ||     2
         Leather armour    |       |       |       |       |    43 |    29 |       |       |       ||    72
         Pearl dragon scal |       |       |       |       |       |       |       |   101 |   941 ||  1042
         Crystal plate arm |       |       |       |       |       |       |       |       |   191 ||   191
  Dodge: Dodged            |    14 |    23 |    56 |   131 |   254 |    89 |    69 |   196 |   941 ||  1773
         Repelled          |       |       |       |       |    10 |    16 |       |       |       ||    26
  Block: Other             |       |     5 |    17 |    30 |       |       |       |       |       ||    52
         Reflection        |       |       |       |     7 |       |       |       |       |    75 ||    82
         Kite shield       |       |       |       |   130 |   264 |   215 |   147 |   304 |   516 ||  1576
         Tower shield      |       |       |       |       |       |       |       |       |  1837 ||  1837
